 Dungeon Crawl Stone Soup version 0.29.0-4-gdea44cf6ec (webtiles) character file.

Game seed: 1999605663198083639

187834 qw the Wrestler (level 17, -6/167 HPs)
             Began as a Troll Cinder Acolyte on Aug 31, 2022.
             Was a High Priest of Okawaru.
             Mangled by a ghost moth (15 damage)
             ... on level 4 of the Spider Nest on Sept 1, 2022.
             The game lasted 00:18:25 (30652 turns).

qw the Wrestler (Troll Cinder Acolyte)             Turns: 30652, Time: 00:18:25

Health: -6/167     AC: 16    Str: 25 (32) XL:     17   Next: 89%
Magic:  0/28       EV:  8    Int:  6 (10) God:    Okawaru [*****.]
Gold:   1648       SH: 10    Dex:  2 (5)  Spells: 18/18 levels left

rFire   + . .      SeeInvis .     - Unarmed
rCold   + . .      Faith    +   y - +0 kite shield
rNeg    . . .      Spirit   +   r - +4 moon troll leather armour {Spirit, Regen++ MP+5}
rPois   +          Reflect  .   n - +2 hat
rElec   .          Harm     .   f - scarf {rC+ rF+}
rCorr   .          Rampage  .   (gloves unavailable)
Will    ++...                   (boots unavailable)
Stlth   ..........              z - amulet of the Greedy {Faith rPois Will+}
HPRegen 2.77/turn               c - +4 ring of slaying {mikee}
MPRegen 0.21/turn               h - +4 ring of protection

@: about to teleport, slowed, very slow
A: large, unfitting armour, claws 3, regeneration 1, shaggy fur 1, tough skin 1,
talons 1
a: Renounce Religion, Heroism, Finesse, Duel


You were on level 4 of the Spider Nest.
You worshipped Okawaru.
Okawaru was extremely pleased with you.
You visited 5 branches of the dungeon, and saw 29 of its levels.
You also visited: Gauntlet.

You collected 3207 gold pieces.
You spent 1559 gold pieces at shops.


Innate Abilities, Weirdness & Mutations

You are too large for most types of armour.
You have claws for hands.
Your natural rate of healing is unusually fast.
You are covered in fur. (AC +1)
You have tough skin. (AC +1)
You have sharp toenails.


   Skills:
 + Level 10.3 Fighting
 - Level 10.0 Throwing
 - Level 3.0 Armour
 - Level 3.1 Dodging
 - Level 14.0 Shields
 - Level 22.0 Unarmed Combat
 - Level 1.0 Spellcasting
 - Level 2.1 Fire Magic
 - Level 10.0 Invocations


You had 18 spell levels left.
You didn't know any spells.
Your spell library contained the following spells:

 Spells                   Type           Power      Damage    Failure   Level
 Scorch                   Fire           4%         2d5       45%         2

Inventory:

Missiles
 l - 33 boomerangs
 s - 17 large rocks (quivered)
 t - 8 javelins
 u - a silver javelin
 w - 4 silver boomerangs
 x - 3 boomerangs of dispersal
Armour
 f - a scarf of resistance (worn)
 n - a +2 hat (worn)
 q - a +1 cloak
 r - the +4 moon troll leather armour (worn) {Spirit, Regen++ MP+5}
   (Okawaru gifted it to you on level 5 of the Lair of Beasts)

   MP:        It affects your magic capacity (+5).
   Regen:     It increases your rate of health regeneration.
 y - a +0 kite shield (worn)
Jewellery
 c - a +4 ring of slaying (left claw) {mikee}
 h - a +4 ring of protection (right claw)
 p - an amulet of reflection
 z - the amulet of the Greedy (around neck) {Faith rPois Will+}
   (You bought it in a shop on level 2 of the Orcish Mines)

   [amulet of faith]

   It allows you to gain divine favour quickly.
   rPois:     It protects you from poison.
   Will:      It increases your willpower.
Scrolls
 a - 2 scrolls of teleportation
 g - 4 scrolls of enchant armour
 k - 5 scrolls of identify
 v - 6 scrolls of enchant weapon
Potions
 b - 7 potions of curing
 d - 3 potions of might
 e - 3 potions of cancellation
 j - a potion of magic
 m - 4 potions of mutation
 o - 2 potions of haste

Dungeon Overview and Level Annotations

Branches:
Dungeon (15/15)            Temple (0/1) D:6            Lair (5/5) D:10
 Shoals (3/4) Lair:3       Spider (4/4) Lair:3        Slime (0/5) Lair:4
    Orc (2/2) D:12            Elf (0/3) Orc:2        Vaults (0/5) D:13
 Depths (0/4) D:15        Gauntlet (visited)

Altars:
Cheibriados
Dithmenos
Hepliaklqana
Makhleb
Nemelex Xobeh
Okawaru
Sif Muna
Trog
Uskayaw
Vehumet
Wu Jian
Xom
Yredelemnul
Zin
Jiyva
Lugonu

Shops:
D:1 =   D:9 !   D:10 =*[!=   D:14 [   Orc:2 =*[(

Portals:
Abyss: Lair:5

Annotations:
D:4 1 runed translucent door, Crazy Yiuf
D:9 1 runed translucent door
Lair:3 4 runed translucent doors, qw's ghost, journeyman TrCA
Spider:2 1 runed translucent door, Feguytzu's ghost, journeyman GrMo


Message History

You feel you are being watched by something.
You feel your power leaking away. Something hits you.
You feel weakened. Something hits you!
Something stings you but does no damage.
You mangle the jumping spider!!
The jumping spider is severely wounded.
You block the jumping spider's attack.
The jumping spider bites you but does no damage.
You barely miss the jumping spider. You claw the jumping spider.
The jumping spider is almost dead.
You feel you are being watched by something.
Something hits you but does no damage. You block something's attack.
Something stings you but does no damage.
The jumping spider leaps!
Something hits you! Something hits you. Something stings you.
The jumping spider pounces on you but does no damage.
The jumping spider closely misses you.
Things that are here:
a tarantella corpse; a tarantella corpse
30651 ||| READING 3 scrolls of teleportation.
As you read the scroll of teleportation, it crumbles to dust.
You feel strangely unstable.
You feel you are being watched by something.
Something hits you! x2; Something stings you.
You feel weakened.
You block the jumping spider's attack. x2
A torpor snail comes into view.
Being near the torpor snail leaves you feeling lethargic.
You feel you are being watched by something.
Something completely misses you. Something hits you but does no damage.
Something stings you.
You scratch the jumping spider. Your kick misses the jumping spider.
The jumping spider is lightly wounded.
You block the jumping spider's attack. x2; The jumping spider pounces on you.
The jumping spider bites you but does no damage.
You feel you are being watched by something.
Something hits you!
You die...

.# #.. ^. ## ... (##.
#^. ^..##.. ## .#..^ #.#
#w.. #.###.s### ###
#^..#.@{.# ##.######
.....^.s.####..#.#^.###
#.^##..#..#.##..^#..#.##
# #.?.#.##..#..##....#(
#..^.##^.###..#..#...
#^.#s..^..#...#...^%#
##^###.#####.....##.#
###.#.##.^.#.....#.# .
#.#^....^#.#..####..


You could see a torpor snail and 2 jumping spiders.

Vanquished Creatures
  Rupert (D:15)
  Gastronok (D:11)
  Donald (Shoals:2)
  Ilsuiw (Shoals:2)
  A ghost moth (Spider:4)
  2 orc warlords
  Nessos (Orc:2)
  A broodmother (Spider:4)
  A minotaur (Gauntlet)
  2 entropy weavers
  A spark wasp (Spider:4)
  A merfolk javelineer (Shoals:2)
  4 merfolk impalers
  A vault guard (D:13)
  Erolcha (D:11)
  7 hydras
  9 boulder beetles
  2 merfolk aquamancers (Shoals:3)
  A jorogumo (Spider:1)
  2 alligator snapping turtles (Shoals:3)
  9 centaur warriors
  A satyr (Shoals:3)
  Erica (Orc:1)
  5 radroaches
  2 tengu warriors (D:15)
  3 two-headed ogres
  14 death yaks
  4 thrashing horrors
  Nergalle (Lair:2)
  6 orc high priests
  Amaemon (Lair:2)
  4 skeletal warriors (D:12)
  A sun moth (Spider:4)
  Lodul (D:14)
  11 pharaoh ants
  9 orb spiders
  2 sea snakes (Shoals:3)
  4 steelbarb worms
  A glowing orange brain (D:15)
  4 harpies (Shoals:3)
  Pikel (D:4)
  4 deep elf pyromancers
  A wizard (D:13)
  5 orc knights
  4 orc sorcerers
  26 wolf spiders
  27 ugly things
  10 fauns
  4 cyclopes
  3 large abominations
  2 oklob plants (Lair:4)
  12 manticores
  A salamander (shapeshifter) (D:13)
  A moth of wrath (Spider:1)
  8 merfolk sirens
  15 elephants
  A guardian serpent (shapeshifter) (Lair:5)
  2 black mambas
  An orange demon (Lair:2)
  5 water nymphs
  2 torpor snails
  2 gargoyles
  3 unseen horrors
  A molten gargoyle (D:13)
  3 kobold demonologists
  3 smoke demons (Lair:5)
  10 demonic crawlers
  4 rime drakes
  12 cane toads
  A yaktaur (D:15)
  2 minotaur zombies (Gauntlet)
  An ancient zyme (Lair:5)
  A freezing wraith (D:14)
  A tengu conjurer (D:13)
  5 komodo dragons
  3 meliai (Spider:2)
  6 polar bears
  20 tarantellas
  13 merfolk
  3 wind drakes
  A hornet (D:9)
  14 trolls
  27 blink frogs
  2 snapping turtles
  Prince Ribbit (Lair:2)
  6 slime creatures
  4 dream sheep (Lair:5)
  22 small abominations
  A shadow (D:12)
  25 jumping spiders
  21 culicivoras
  6 wyverns
  2 ynoxinuls
  2 wraiths
  5 fire elementals (Lair:4)
  A basilisk (Lair:1)
  9 water elementals
  A hog (shapeshifter) (D:13)
  2 humans (shapeshifter)
  50 redbacks
  A chaos spawn (Lair:5)
  36 yaks
  Grum (D:11)
  10 vampire mosquitoes
  3 steam dragons
  2 wargs (Orc:2)
  14 water moccasins
  3 acid dragons
  A sky beast (D:8)
  A black bear (D:3)
  46 orc warriors
  2 ice beasts
  A floating eye (shapeshifter) (D:15)
  10 wolves
  9 ogres
  13 centaurs
  A phantom (D:5)
  Blork the orc (D:6)
  3 kobold brigands
  4 bullfrogs
  9 scorpions
  7 wights
  A killer bee (D:7)
  9 howler monkeys
  6 electric eels
  A hound (D:4)
  3 gnoll boudas
  23 orc priests
  4 iron imps (Gauntlet)
  Jessica (D:2)
  Terence (D:2)
  Natasha (thrice) (D:2)
  3 iguanas
  37 orc wizards
  7 hell rats (Lair:5)
  3 scorpion zombies (D:5)
  A killer bee zombie (D:5)
  A hound zombie (D:5)
  A boggart simulacrum (D:13)
  5 adders
  16 gnolls
  A shadow imp (D:7)
  A white imp (D:6)
  An ufetubus (D:4)
  A worm (D:5)
  3 dart slugs
  107 orcs
  4 endoplasms
  5 giant cockroaches
  6 goblins
  7 hobgoblins
  2 jackals (D:5)
  13 kobolds
  5 quokkas
  7 ball pythons
  4 bats
  A frilled lizard (D:3)
  5 rats
1033 creatures vanquished.

Vanquished Creatures (others)
  2 orc wizards (Orc:2)
  4 demonic plants (Gauntlet)
  17 fungi
  39 plants
62 creatures vanquished.

Grand Total: 1095 creatures vanquished

Notes
Turn   | Place    | Note
-------+----------+-------------------------------------------
     0 | D:1      | qw the Troll Cinder Acolyte began the quest for the Orb.
     0 | D:1      | Reached XP level 1. HP: 22/22 MP: 1/1
     0 | D:1      | 0 ||| qw: Version: 0.1-a-97-g2dd2ca4
     0 | D:1      | 0 ||| qw: Game counter: 4685
     0 | D:1      | 0 ||| qw: Always use a shield: true
     0 | D:1      | 0 ||| qw: God list: Okawaru
     0 | D:1      | 0 ||| qw: Allow faded altars: false
     0 | D:1      | 0 ||| qw: Do Orc after D:15 true
     0 | D:1      | 0 ||| qw: Do second Lair branch before Depths: true
     0 | D:1      | 0 ||| qw: Lair rune preference: random
     0 | D:1      | 0 ||| qw: Plans: Normal
     0 | D:1      | 0 ||| PLANNING D:1-11
   299 | D:1      | 299 ||| Stepping ~*~*~tactically~*~*~ (outnumbered).
   301 | D:1      | 301 ||| Stepping ~*~*~tactically~*~*~ (outnumbered).
   331 | D:1      | Reached XP level 2. HP: 29/29 MP: 2/2
   492 | D:1      | Found Podyurre's Jewellery Shoppe.
   500 | D:1      | 500 ||| SHOPLISTING +4 ring of protection (360 gold, have
                  | 11).
   500 | D:1      | 500 ||| SHOPLISTING +6 ring of dexterity (360 gold, have
                  | 11).
   500 | D:1      | 500 ||| SHOPLISTING amulet of guardian spirit (300 gold,
                  | have 11).
   500 | D:1      | 500 ||| SHOPLISTING amulet of the acrobat (300 gold, have
                  | 11).
   500 | D:1      | 500 ||| SHOPLISTING ring of poison resistance (200 gold,
                  | have 11).
   500 | D:1      | 500 ||| SHOPLISTING ring of protection from fire (250 gold,
                  | have 11).
   500 | D:1      | 500 ||| SHOPLISTING ring of see invisible (150 gold, have
                  | 11).
   500 | D:1      | 500 ||| SHOPLISTING ring of willpower (250 gold, have 11).
   667 | D:1      | 667 ||| READING scroll labelled WADO WIFIAN VAISI.
   668 | D:1      | 668 ||| READING scroll labelled UDAOME ZOIMERCHUF.
   669 | D:1      | 669 ||| READING scroll labelled DATA YFO OTOUC.
   826 | D:2      | You fall into a shaft and drop 2 floors!
   828 | D:4      | Found an iron altar of Okawaru.
   898 | D:4      | 898 ||| UPGRADING to +4 ring of slaying {mikee}.
   916 | D:3      | 916 ||| Stepping ~*~*~tactically~*~*~ (stealth).
   928 | D:3      | 928 ||| Stepping ~*~*~tactically~*~*~ (outnumbered).
   929 | D:3      | 929 ||| Stepping ~*~*~tactically~*~*~ (outnumbered).
   932 | D:3      | Reached skill level 4 in Unarmed Combat
   996 | D:2      | Noticed Natasha
   997 | D:2      | 997 ||| Stepping ~*~*~tactically~*~*~ (hiding).
  1000 | D:2      | Noticed a crimson imp
  1002 | D:2      | Killed Natasha
  1003 | D:2      | Reached XP level 3. HP: 36/36 MP: 3/3
  1212 | D:2      | Noticed Natasha
  1217 | D:2      | 1217 ||| INVOKING Fiery Armour.
  1218 | D:2      | Killed Natasha
  1219 | D:2      | Reached skill level 5 in Unarmed Combat
  1219 | D:2      | Reached XP level 4. HP: 20/44 MP: 4/4
  1290 | D:2      | Noticed Terence
  1297 | D:2      | Killed Terence
  1301 | D:2      | 1301 ||| Stepping ~*~*~tactically~*~*~ (stealth).
  1302 | D:2      | 1302 ||| Stepping ~*~*~tactically~*~*~ (stealth).
  1305 | D:2      | Noticed Natasha
  1307 | D:2      | 1307 ||| Stepping ~*~*~tactically~*~*~ (hiding).
  1309 | D:2      | Killed Natasha
  1396 | D:2      | Reached XP level 5. HP: 50/50 MP: 5/5
  1424 | D:2      | 1424 ||| Stepping ~*~*~tactically~*~*~ (hiding).
  1434 | D:2      | 1434 ||| INVOKING Fiery Armour.
  1438 | D:2      | 1438 ||| FLEEEEING.
  1439 | D:2      | 1439 ||| FLEEEEING.
  1440 | D:2      | 1440 ||| FLEEEEING.
  1441 | D:2      | 1441 ||| FLEEEEING.
  1442 | D:2      | 1442 ||| FLEEEEING.
  1443 | D:2      | 1443 ||| FLEEEEING.
  1449 | D:2      | Reached skill level 6 in Unarmed Combat
  1508 | D:2      | Found a bloodstained altar of Trog.
  1512 | D:2      | Noticed Jessica
  1518 | D:2      | Killed Jessica
  1589 | D:2      | Found a faded altar of an unknown god.
  1930 | D:2      | 1930 ||| UPGRADING to amulet of the acrobat.
  1935 | D:2      | 1935 ||| UPGRADING to +4 ring of protection.
  1936 | D:2      | 1936 ||| READING scroll labelled ILEDAUXUTO.
  1975 | D:3      | 1975 ||| Stepping ~*~*~tactically~*~*~ (hiding).
  1976 | D:3      | 1976 ||| Stepping ~*~*~tactically~*~*~ (hiding).
  1981 | D:3      | 1981 ||| Stepping ~*~*~tactically~*~*~ (hiding).
  2142 | D:3      | 2142 ||| Stepping ~*~*~tactically~*~*~ (stealth).
  2172 | D:3      | Noticed a black bear
  2174 | D:3      | Killed a black bear
  2175 | D:3      | Reached skill level 7 in Unarmed Combat
  2175 | D:3      | Reached XP level 6. HP: 59/59 MP: 6/6
  2234 | D:3      | 2234 ||| Stepping ~*~*~tactically~*~*~ (stealth).
  2252 | D:3      | 2252 ||| Stepping ~*~*~tactically~*~*~ (hiding).
  2269 | D:3      | 2269 ||| Stepping ~*~*~tactically~*~*~ (outnumbered).
  2303 | D:3      | 2303 ||| Stepping ~*~*~tactically~*~*~ (stealth).
  2448 | D:3      | 2448 ||| Stepping ~*~*~tactically~*~*~ (stealth).
  2449 | D:3      | 2449 ||| Stepping ~*~*~tactically~*~*~ (stealth).
  2486 | D:3      | 2486 ||| Stepping ~*~*~tactically~*~*~ (stealth).
  2608 | D:3      | 2608 ||| DRINKING 2 puce potions.
  2609 | D:3      | 2609 ||| DRINKING 2 viscous purple potions.
  2610 | D:3      | 2610 ||| READING 2 scrolls of identify.
  2610 | D:3      | 2610 ||| IDENTIFYING emerald potion
  2611 | D:3      | 2611 ||| DROPPING potion of magic.
  2683 | D:4      | 2683 ||| Stepping ~*~*~tactically~*~*~ (stealth).
  2693 | D:4      | 2693 ||| Stepping ~*~*~tactically~*~*~ (stealth).
  2702 | D:4      | Noticed Pikel
  2709 | D:4      | Killed Pikel
  2710 | D:4      | Reached skill level 9 in Unarmed Combat
  2710 | D:4      | Reached XP level 7. HP: 53/66 MP: 7/7
  2810 | D:4      | Found a runed translucent door.
  2811 | D:4      | Noticed Crazy Yiuf
  3267 | D:4      | 3267 ||| READING scroll labelled GINKOA ZYLAAJE.
  3268 | D:4      | 3268 ||| READING scroll labelled YDDU ZOUZIAHUB.
  3269 | D:4      | 3269 ||| READING scroll labelled SYMITU PELA.
  3390 | D:5      | Entered Level 5 of the Dungeon
  3393 | D:5      | 3393 ||| STAIRDANCE
  3468 | D:5      | 3468 ||| STAIRDANCE
  3473 | D:4      | Reached skill level 3 in Fighting
  3473 | D:4      | Reached XP level 8. HP: 43/75 MP: 8/8
  3479 | D:4      | Reached skill level 1 in Dodging
  3582 | D:5      | 3582 ||| Stepping ~*~*~tactically~*~*~ (outnumbered).
  3583 | D:5      | 3583 ||| Stepping ~*~*~tactically~*~*~ (outnumbered).
  3584 | D:5      | 3584 ||| Stepping ~*~*~tactically~*~*~ (outnumbered).
  3612 | D:5      | 3612 ||| Stepping ~*~*~tactically~*~*~ (hiding).
  3613 | D:5      | 3613 ||| Stepping ~*~*~tactically~*~*~ (hiding).
  3615 | D:5      | 3615 ||| Stepping ~*~*~tactically~*~*~ (outnumbered).
  3616 | D:5      | 3616 ||| Stepping ~*~*~tactically~*~*~ (outnumbered).
  3617 | D:5      | 3617 ||| Stepping ~*~*~tactically~*~*~ (hiding).
  3618 | D:5      | 3618 ||| Stepping ~*~*~tactically~*~*~ (hiding).
  3708 | D:5      | Reached skill level 10 in Unarmed Combat
  3718 | D:5      | Found a basalt altar of Yredelemnul.
  4062 | D:5      | Found a sparkling altar of Nemelex Xobeh.
  4431 | D:5      | 4431 ||| DROPPING ring of positive energy.
  4432 | D:5      | 4432 ||| READING scroll labelled BOEPOM PENGUBOR.
  4433 | D:5      | 4433 ||| READING scroll labelled GOTUKE OFICONN.
  4434 | D:5      | 4434 ||| READING scroll labelled GEYTIL RIMMOUSM.
  4435 | D:5      | 4435 ||| DRINKING 3 fuming brown potions.
  4436 | D:5      | 4436 ||| DROPPING 2 potions of flight.
  4437 | D:5      | 4437 ||| Stepping randomly (stuck).
  4438 | D:5      | 4438 ||| Stepping ~*~*~tactically~*~*~ (cloud).
  4565 | D:6      | Found a staircase to the Ecumenical Temple.
  4734 | D:6      | 4734 ||| Stepping ~*~*~tactically~*~*~ (stealth).
  4979 | D:6      | Noticed Blork the orc
  4980 | D:6      | 4980 ||| Stepping ~*~*~tactically~*~*~ (hiding).
  4983 | D:6      | 4983 ||| Stepping ~*~*~tactically~*~*~ (hiding).
  4989 | D:6      | Killed Blork the orc
  4990 | D:6      | Reached skill level 11 in Unarmed Combat
  5040 | D:6      | 5040 ||| Stepping ~*~*~tactically~*~*~ (hiding).
  5161 | D:6      | 5161 ||| Stepping ~*~*~tactically~*~*~ (hiding).
  5270 | D:6      | 5270 ||| READING scroll labelled HEREACV VECSIMPU.
  5307 | D:6      | 5307 ||| READING scroll labelled ZUHIGEWICS.
  5308 | D:6      | 5308 ||| DRINKING 2 bubbling inky potions.
  5309 | D:6      | 5309 ||| DROPPING potion of brilliance.
  5380 | D:7      | Found a snail-covered altar of Cheibriados.
  5457 | D:7      | Reached XP level 9. HP: 85/85 MP: 9/9
  5542 | D:7      | Found a shadowy altar of Dithmenos.
  5881 | D:7      | Identified the +2 long sword "Powetuno" {flame, rF- Dex+5
                  | SInv}
  6009 | D:7      | 6009 ||| Stepping ~*~*~tactically~*~*~ (stealth).
  6011 | D:7      | 6011 ||| Stepping ~*~*~tactically~*~*~ (hiding).
  6013 | D:7      | 6013 ||| Stepping ~*~*~tactically~*~*~ (hiding).
  6030 | D:7      | 6030 ||| Stepping ~*~*~tactically~*~*~ (stealth).
  6084 | D:7      | Reached skill level 12 in Unarmed Combat
  6233 | D:7      | 6233 ||| UPGRADING to scarf of resistance.
  6238 | D:7      | 6238 ||| READING scroll labelled ZOEWNA XONO.
  6239 | D:7      | 6239 ||| READING 2 scrolls of identify.
  6239 | D:7      | 6239 ||| IDENTIFYING sedimented golden potion
  6240 | D:7      | 6240 ||| DROPPING potion of invisibility.
  6381 | D:8      | 6381 ||| INVOKING Fiery Armour.
  6601 | D:8      | Found a glowing silver altar of Zin.
  6896 | D:8      | 6896 ||| Stepping ~*~*~tactically~*~*~ (hiding).
  6899 | D:8      | 6899 ||| Stepping ~*~*~tactically~*~*~ (outnumbered).
  6904 | D:8      | 6904 ||| Stepping ~*~*~tactically~*~*~ (outnumbered).
  6905 | D:8      | 6905 ||| Stepping ~*~*~tactically~*~*~ (outnumbered).
  6906 | D:8      | 6906 ||| Stepping ~*~*~tactically~*~*~ (outnumbered).
  6907 | D:8      | 6907 ||| Stepping ~*~*~tactically~*~*~ (stealth).
  6908 | D:8      | 6908 ||| Stepping ~*~*~tactically~*~*~ (stealth).
  6910 | D:8      | 6910 ||| Stepping ~*~*~tactically~*~*~ (outnumbered).
  6992 | D:8      | 6992 ||| INVOKING Fiery Armour.
  6997 | D:8      | 6997 ||| Stepping ~*~*~tactically~*~*~ (outnumbered).
  6998 | D:8      | 6998 ||| Stepping ~*~*~tactically~*~*~ (outnumbered).
  7002 | D:8      | Reached skill level 1 in Throwing
  7004 | D:8      | Reached skill level 13 in Unarmed Combat
  7076 | D:8      | 7076 ||| DRINKING 2 metallic inky potions.
  7076 | D:8      | Gained mutation: You are occasionally teleported next to
                  | monsters. [potion of mutation]
  7076 | D:8      | Gained mutation: You have sharp toenails. [potion of
                  | mutation]
  7077 | D:8      | 7077 ||| DRINKING potion of mutation.
  7077 | D:8      | Lost mutation: You have sharp toenails. [potion of
                  | mutation]
  7077 | D:8      | Lost mutation: You are occasionally teleported next to
                  | monsters. [potion of mutation]
  7077 | D:8      | Gained mutation: You have sharp toenails. [potion of
                  | mutation]
  7123 | D:9      | 7123 ||| Stepping ~*~*~tactically~*~*~ (stealth).
  7218 | D:9      | 7218 ||| Stepping ~*~*~tactically~*~*~ (stealth).
  7220 | D:9      | 7220 ||| Stepping ~*~*~tactically~*~*~ (hiding).
  7221 | D:9      | 7221 ||| Stepping ~*~*~tactically~*~*~ (hiding).
  7229 | D:9      | Reached XP level 10. HP: 89/96 MP: 10/10
  7319 | D:9      | Found a hazy altar of Hepliaklqana.
  7364 | D:9      | 7364 ||| Stepping ~*~*~tactically~*~*~ (outnumbered).
  7365 | D:9      | 7365 ||| Stepping ~*~*~tactically~*~*~ (outnumbered).
  7367 | D:9      | 7367 ||| Stepping ~*~*~tactically~*~*~ (outnumbered).
  7368 | D:9      | 7368 ||| Stepping ~*~*~tactically~*~*~ (outnumbered).
  7369 | D:9      | 7369 ||| Stepping ~*~*~tactically~*~*~ (outnumbered).
  7370 | D:9      | 7370 ||| Stepping ~*~*~tactically~*~*~ (outnumbered).
  7372 | D:9      | 7372 ||| Stepping ~*~*~tactically~*~*~ (outnumbered).
  7443 | D:9      | Found Puesip's Distillery.
  7454 | D:9      | 7454 ||| BUYING potion of heal wounds (50 gold).
  7454 | D:9      | Bought a potion of heal wounds for 50 gold pieces
  7454 | D:9      | 7454 ||| BUYING potion of mutation (80 gold).
  7454 | D:9      | Bought a potion of mutation for 80 gold pieces
  7498 | D:9      | Found a radiant altar of Vehumet.
  7599 | D:9      | Found a runed translucent door.
  7599 | D:9      | Found a burning altar of Makhleb.
  7599 | D:9      | Noticed a sixfirhy
  7646 | D:9      | Found a hide-covered altar of Uskayaw.
  7970 | D:9      | Found a shimmering altar of Xom.
  8025 | D:9      | 8025 ||| UPGRADING to +0 troll leather armour.
  8035 | D:9      | 8035 ||| DROPPING +0 robe.
  8036 | D:9      | 8036 ||| DRINKING 2 green potions.
  8037 | D:9      | 8037 ||| READING 3 scrolls of identify.
  8037 | D:9      | 8037 ||| IDENTIFYING cyan potion
  8038 | D:9      | 8038 ||| DROPPING potion of attraction.
  8069 | D:10     | Entered Level 10 of the Dungeon
  8080 | D:10     | Found Noyfen's Distillery.
  8086 | D:10     | 8086 ||| BUYING potion of cancellation (96 gold).
  8086 | D:10     | Bought a potion of cancellation for 96 gold pieces
  8086 | D:10     | 8086 ||| BUYING potion of cancellation (96 gold).
  8086 | D:10     | Bought a potion of cancellation for 96 gold pieces
  8086 | D:10     | 8086 ||| BUYING potion of curing (36 gold).
  8086 | D:10     | Bought a potion of curing for 36 gold pieces
  8163 | D:10     | Found a staircase to the Lair.
  8185 | D:10     | Found Jiqoazy's Jewellery Boutique.
  8191 | D:10     | 8191 ||| SHOPLISTING amulet of guardian spirit (450 gold,
                  | have 127).
  8191 | D:10     | 8191 ||| SHOPLISTING amulet of reflection (450 gold, have
                  | 127).
  8222 | D:10     | Noticed a two-headed ogre
  8230 | D:10     | Killed a two-headed ogre
  8265 | D:10     | 8265 ||| Stepping ~*~*~tactically~*~*~ (stealth).
  8272 | D:10     | Reached skill level 14 in Unarmed Combat
  8294 | D:10     | 8294 ||| FLEEEEING.
  8361 | D:10     | Found Ligur's General Store.
  8370 | D:10     | 8370 ||| BUYING scroll of identify (28 gold).
  8370 | D:10     | Bought a scroll of identify for 28 gold pieces
  8385 | D:10     | Reached skill level 6 in Fighting
  8412 | D:10     | Found Kuinuige's Antique Armour Shoppe.
  8421 | D:10     | 8421 ||| SHOPLISTING embroidered robe (125 gold, have 110).
  8480 | D:10     | 8480 ||| Stepping ~*~*~tactically~*~*~ (hiding).
  8557 | D:10     | Found a shimmering blue altar of Sif Muna.
  8647 | D:10     | Found an ornate altar of the Wu Jian Council.
  8703 | D:10     | 8703 ||| INVOKING Fiery Armour.
  8853 | D:10     | Found Xoumes's Jewellery Shoppe.
  8862 | D:10     | 8862 ||| SHOPLISTING amulet "Ika Ogapt" {Faith Contam rPois
                  | Dex+6} (756 gold, have 136).
  8862 | D:10     | 8862 ||| SHOPLISTING amulet of guardian spirit (390 gold,
                  | have 136).
  8862 | D:10     | 8862 ||| SHOPLISTING brooch of Shielding {Spirit SH+8} (845
                  | gold, have 136).
  8862 | D:10     | 8862 ||| SHOPLISTING ring of fire (325 gold, have 136).
  8862 | D:10     | 8862 ||| SHOPLISTING ring of the Madman {rN+ AC+4} (613
                  | gold, have 136).
  8966 | D:10     | 8966 ||| PLANNING LAIR
  8966 | D:10     | 8966 ||| READING scroll labelled QEAREE LUME.
  8990 | Lair:1   | Entered Level 1 of the Lair of Beasts
  8990 | Lair:1   | Noticed a five-headed hydra
  8991 | Lair:1   | 8991 ||| INVOKING Fiery Armour.
  8994 | Lair:1   | Noticed a cane toad
  8995 | Lair:1   | Killed an eight-headed hydra
  9002 | Lair:1   | Killed a cane toad
  9003 | Lair:1   | Reached skill level 15 in Unarmed Combat
  9003 | Lair:1   | Reached XP level 11. HP: 90/105 MP: 11/11
  9067 | Lair:1   | Noticed a death yak
  9067 | Lair:1   | Noticed a death yak
  9067 | Lair:1   | Noticed a death yak
  9067 | Lair:1   | Noticed a death yak
  9067 | Lair:1   | Noticed a death yak
  9068 | Lair:1   | 9068 ||| Stepping ~*~*~tactically~*~*~ (stealth).
  9074 | Lair:1   | Killed a death yak
  9075 | Lair:1   | 9075 ||| Stepping ~*~*~tactically~*~*~ (outnumbered).
  9080 | Lair:1   | Killed a death yak
  9084 | Lair:1   | Killed a death yak
  9094 | Lair:1   | Killed a death yak
  9095 | Lair:1   | HP: 12/105 [death yak (22)]
  9096 | Lair:1   | 9096 ||| READING scroll of teleportation.
  9097 | Lair:1   | 9097 ||| DRINKING 3 potions of heal wounds.
  9105 | Lair:1   | Reached skill level 16 in Unarmed Combat
  9112 | Lair:1   | 9112 ||| Stepping ~*~*~tactically~*~*~ (outnumbered).
  9113 | Lair:1   | 9113 ||| Stepping ~*~*~tactically~*~*~ (outnumbered).
  9114 | Lair:1   | 9114 ||| INVOKING Fiery Armour.
  9115 | Lair:1   | 9115 ||| Stepping ~*~*~tactically~*~*~ (outnumbered).
  9122 | Lair:1   | 9122 ||| Stepping ~*~*~tactically~*~*~ (outnumbered).
  9123 | Lair:1   | HP: 25/107 [yak (9)]
  9124 | Lair:1   | 9124 ||| DRINKING 2 potions of heal wounds.
  9240 | Lair:1   | 9240 ||| INVOKING Fiery Armour.
  9247 | Lair:1   | 9247 ||| Stepping ~*~*~tactically~*~*~ (outnumbered).
  9248 | Lair:1   | 9248 ||| Stepping ~*~*~tactically~*~*~ (outnumbered).
  9249 | Lair:1   | 9249 ||| Stepping ~*~*~tactically~*~*~ (outnumbered).
  9250 | Lair:1   | 9250 ||| Stepping ~*~*~tactically~*~*~ (outnumbered).
  9251 | Lair:1   | 9251 ||| Stepping ~*~*~tactically~*~*~ (outnumbered).
  9252 | Lair:1   | 9252 ||| Stepping ~*~*~tactically~*~*~ (outnumbered).
  9253 | Lair:1   | 9253 ||| Stepping ~*~*~tactically~*~*~ (outnumbered).
  9254 | Lair:1   | 9254 ||| Stepping ~*~*~tactically~*~*~ (outnumbered).
  9255 | Lair:1   | 9255 ||| Stepping ~*~*~tactically~*~*~ (outnumbered).
  9264 | Lair:1   | 9264 ||| Stepping ~*~*~tactically~*~*~ (outnumbered).
  9265 | Lair:1   | 9265 ||| Stepping ~*~*~tactically~*~*~ (outnumbered).
  9269 | Lair:1   | Killed a death yak
  9360 | Lair:1   | 9360 ||| Stepping ~*~*~tactically~*~*~ (stealth).
  9365 | Lair:1   | 9365 ||| INVOKING Fiery Armour.
  9788 | Lair:1   | Reached skill level 17 in Unarmed Combat
  9835 | Lair:1   | Noticed a four-headed hydra
  9836 | Lair:1   | 9836 ||| DRINKING 3 potions of cancellation.
  9837 | Lair:1   | 9837 ||| DRINKING 2 potions of cancellation.
  9838 | Lair:1   | 9838 ||| INVOKING Fiery Armour.
  9844 | Lair:1   | Reached XP level 12. HP: 118/118 MP: 12/12
  9846 | Lair:1   | Killed a seven-headed hydra
 10108 | Lair:1   | 10108 ||| UPGRADING to amulet of reflection.
 10118 | Lair:1   | 10118 ||| DROPPING amulet of the acrobat.
 10119 | Lair:1   | 10119 ||| READING 4 scrolls of identify.
 10119 | Lair:1   | 10119 ||| IDENTIFYING viscous yellow potion
 10120 | Lair:1   | 10120 ||| READING 3 scrolls of identify.
 10120 | Lair:1   | 10120 ||| IDENTIFYING smoky sapphire potion
 10121 | Lair:1   | 10121 ||| DROPPING potion of berserk rage.
 10122 | Lair:1   | 10122 ||| DROPPING potion of ambrosia.
 10145 | Lair:2   | 10145 ||| Stepping ~*~*~tactically~*~*~ (stealth).
 10146 | Lair:2   | 10146 ||| Stepping ~*~*~tactically~*~*~ (stealth).
 10147 | Lair:2   | 10147 ||| Stepping ~*~*~tactically~*~*~ (stealth).
 10148 | Lair:2   | 10148 ||| Stepping ~*~*~tactically~*~*~ (stealth).
 10161 | Lair:2   | 10161 ||| Stepping ~*~*~tactically~*~*~ (stealth).
 10166 | Lair:2   | 10166 ||| Stepping ~*~*~tactically~*~*~ (outnumbered).
 10167 | Lair:2   | 10167 ||| Stepping ~*~*~tactically~*~*~ (outnumbered).
 10168 | Lair:2   | 10168 ||| Stepping ~*~*~tactically~*~*~ (outnumbered).
 10168 | Lair:2   | Noticed Amaemon
 10169 | Lair:2   | 10169 ||| Stepping ~*~*~tactically~*~*~ (hiding).
 10170 | Lair:2   | 10170 ||| Stepping ~*~*~tactically~*~*~ (outnumbered).
 10178 | Lair:2   | 10178 ||| Stepping ~*~*~tactically~*~*~ (outnumbered).
 10191 | Lair:2   | 10191 ||| INVOKING Fiery Armour.
 10192 | Lair:2   | 10192 ||| Stepping ~*~*~tactically~*~*~ (outnumbered).
 10192 | Lair:2   | HP: 23/118 [poisoned by orange demon (concentrated venom)]
 10193 | Lair:2   | 10193 ||| READING 2 scrolls of teleportation.
 10194 | Lair:2   | 10194 ||| DRINKING 2 potions of heal wounds.
 10333 | Lair:2   | 10333 ||| Stepping ~*~*~tactically~*~*~ (stealth).
 10337 | Lair:2   | 10337 ||| INVOKING Fiery Armour.
 10341 | Lair:2   | Noticed Nergalle
 10362 | Lair:2   | Killed Nergalle
 10380 | Lair:2   | 10380 ||| Stepping ~*~*~tactically~*~*~ (outnumbered).
 10381 | Lair:2   | 10381 ||| Stepping ~*~*~tactically~*~*~ (outnumbered).
 10382 | Lair:2   | 10382 ||| Stepping ~*~*~tactically~*~*~ (outnumbered).
 10383 | Lair:2   | 10383 ||| Stepping ~*~*~tactically~*~*~ (outnumbered).
 10384 | Lair:2   | 10384 ||| Stepping ~*~*~tactically~*~*~ (outnumbered).
 10385 | Lair:2   | 10385 ||| Stepping ~*~*~tactically~*~*~ (outnumbered).
 10428 | Lair:2   | Reached skill level 18 in Unarmed Combat
 10428 | Lair:2   | Killed Amaemon
 10950 | Lair:2   | Noticed Prince Ribbit
 10951 | Lair:2   | 10951 ||| INVOKING Fiery Armour.
 10955 | Lair:2   | Killed Prince Ribbit
 11131 | Lair:2   | 11131 ||| PLANNING CONVERSION TO OKAWARU
 11347 | D:4      | Fell from the grace of Ignis
 11347 | D:4      | Became a worshipper of Warmaster Okawaru
 11348 | D:4      | 11348 ||| PLANNING LAIR
 11392 | D:4      | 11392 ||| DROPPING +6 ring of dexterity.
 11393 | D:4      | 11393 ||| DROPPING ring of magical power.
 11394 | D:4      | 11394 ||| READING 3 scrolls of identify.
 11394 | D:4      | 11394 ||| IDENTIFYING red potion
 11395 | D:4      | 11395 ||| READING 2 scrolls of identify.
 11395 | D:4      | 11395 ||| IDENTIFYING sapphire potion
 11396 | D:4      | 11396 ||| DROPPING potion of degeneration.
 11614 | Lair:3   | Found a staircase to the Shoals.
 11785 | Lair:3   | 11785 ||| Stepping ~*~*~tactically~*~*~ (stealth).
 11787 | Lair:3   | 11787 ||| Stepping ~*~*~tactically~*~*~ (stealth).
 11799 | Lair:3   | 11799 ||| Stepping ~*~*~tactically~*~*~ (stealth).
 11804 | Lair:3   | 11804 ||| Stepping ~*~*~tactically~*~*~ (outnumbered).
 11805 | Lair:3   | 11805 ||| Stepping ~*~*~tactically~*~*~ (outnumbered).
 11806 | Lair:3   | 11806 ||| Stepping ~*~*~tactically~*~*~ (outnumbered).
 11918 | Lair:3   | Noticed a five-headed hydra
 11922 | Lair:3   | 11922 ||| Stepping ~*~*~tactically~*~*~ (stealth).
 11924 | Lair:3   | Killed a seven-headed hydra
 11924 | Lair:3   | Reached * piety under Okawaru
 11958 | Lair:3   | Found a runed translucent door.
 11970 | Lair:3   | 11970 ||| Stepping ~*~*~tactically~*~*~ (stealth).
 11985 | Lair:3   | Found a hole to the Spider Nest.
 11992 | Lair:3   | Reached skill level 1 in Invocations
 12185 | Lair:3   | Found an ornate altar of the Wu Jian Council.
 12246 | Lair:3   | Found a runed translucent gate.
 12247 | Lair:3   | 12247 ||| INVOKING Heroism.
 12264 | Lair:3   | Found a runed translucent gate.
 12265 | Lair:3   | Found a runed translucent gate.
 12425 | Lair:3   | You fall into a shaft and drop 1 floor!
 12493 | Lair:4   | 12493 ||| Stepping ~*~*~tactically~*~*~ (stealth).
 12501 | Lair:4   | Reached ** piety under Okawaru
 12502 | Lair:4   | Found a viscous altar of Jiyva.
 12503 | Lair:4   | 12503 ||| INVOKING Heroism.
 12505 | Lair:4   | Found a staircase to the Slime Pits.
 12512 | Lair:4   | 12512 ||| READING 3 scrolls of teleportation.
 12519 | Lair:4   | Reached skill level 3 in Invocations
 12570 | Lair:4   | Noticed a death yak
 12571 | Lair:4   | 12571 ||| INVOKING Heroism.
 12572 | Lair:4   | 12572 ||| Stepping ~*~*~tactically~*~*~ (stealth).
 12575 | Lair:4   | Killed a death yak
 12576 | Lair:4   | Reached XP level 13. HP: 116/127 MP: 11/14
 12590 | Lair:4   | Reached skill level 19 in Unarmed Combat
 12599 | Lair:4   | 12599 ||| INVOKING Heroism.
 12630 | Lair:4   | 12630 ||| INVOKING Heroism.
 12633 | Lair:4   | 12633 ||| Stepping ~*~*~tactically~*~*~ (outnumbered).
 12643 | Lair:4   | Reached *** piety under Okawaru
 12818 | Lair:3   | Found the +7 sceptre of Torment {pain, torment}
 12838 | Lair:3   | Noticed qw's ghost (journeyman TrCA)
 12913 | Lair:4   | 12913 ||| INVOKING Heroism.
 13153 | Lair:4   | 13153 ||| Stepping ~*~*~tactically~*~*~ (stealth).
 13154 | Lair:4   | 13154 ||| Stepping ~*~*~tactically~*~*~ (stealth).
 13156 | Lair:4   | 13156 ||| Stepping ~*~*~tactically~*~*~ (stealth).
 13158 | Lair:4   | 13158 ||| Stepping ~*~*~tactically~*~*~ (stealth).
 13159 | Lair:4   | 13159 ||| Stepping ~*~*~tactically~*~*~ (stealth).
 13161 | Lair:4   | 13161 ||| Stepping ~*~*~tactically~*~*~ (outnumbered).
 13162 | Lair:4   | 13162 ||| Stepping ~*~*~tactically~*~*~ (outnumbered).
 13163 | Lair:4   | 13163 ||| Stepping ~*~*~tactically~*~*~ (outnumbered).
 13170 | Lair:4   | Reached skill level 3 in Throwing
 13198 | Lair:4   | Reached skill level 9 in Fighting
 13211 | Lair:4   | You fall into a shaft and drop 1 floor!
 13211 | Lair:5   | Entered Level 5 of the Lair of Beasts
 13212 | Lair:5   | 13212 ||| PLANNING GAUNTLET
 13212 | Lair:5   | 13212 ||| DRINKING 6 potions of curing.
 13212 | Lair:5   | 13212 ||| (to cure confusion)
 13213 | Lair:5   | 13213 ||| INVOKING Heroism.
 13252 | Lair:5   | 13252 ||| INVOKING Heroism.
 13256 | Lair:5   | 13256 ||| Stepping ~*~*~tactically~*~*~ (outnumbered).
 13257 | Lair:5   | 13257 ||| Stepping ~*~*~tactically~*~*~ (outnumbered).
 13258 | Lair:5   | 13258 ||| Stepping ~*~*~tactically~*~*~ (outnumbered).
 13260 | Lair:5   | 13260 ||| Stepping ~*~*~tactically~*~*~ (outnumbered).
 13261 | Lair:5   | 13261 ||| Stepping ~*~*~tactically~*~*~ (outnumbered).
 13262 | Lair:5   | 13262 ||| Stepping ~*~*~tactically~*~*~ (outnumbered).
 13263 | Lair:5   | 13263 ||| Stepping ~*~*~tactically~*~*~ (outnumbered).
 13268 | Lair:5   | Received a gift from Okawaru
 13270 | Lair:5   | Reached **** piety under Okawaru
 13279 | Lair:5   | 13279 ||| INVOKING Heroism.
 13332 | Lair:5   | 13332 ||| INVOKING Heroism.
 13353 | Lair:5   | 13353 ||| INVOKING Heroism.
 13409 | Lair:5   | Found a gate leading to a gauntlet.
 13418 | Gauntlet | Entered a Gauntlet
 13418 | Gauntlet | Found a transporter.
 13425 | Gauntlet | Found a transporter.
 13425 | Gauntlet | Found the +14 obsidian axe {vorpal, Mesm Drain Fly SInv}
 13427 | Gauntlet | Found a transporter.
 13436 | Gauntlet | Found a runed translucent door.
 13441 | Gauntlet | Found a transporter.
 13444 | Gauntlet | Found a transporter.
 13445 | Gauntlet | Found a runed translucent door.
 13448 | Gauntlet | Found a runed translucent door.
 13451 | Gauntlet | Found a transporter.
 13467 | Gauntlet | Found a transporter.
 13478 | Gauntlet | Found a transporter.
 13489 | Gauntlet | Found a transporter.
 13501 | Gauntlet | Found a transporter.
 13502 | Gauntlet | Found a transporter.
 13503 | Gauntlet | Found a transporter.
 13519 | Gauntlet | Found a transporter.
 13532 | Gauntlet | Found a transporter.
 13603 | Gauntlet | 13603 ||| INVOKING Heroism.
 13604 | Gauntlet | 13604 ||| Stepping ~*~*~tactically~*~*~ (outnumbered).
 13605 | Gauntlet | 13605 ||| Stepping ~*~*~tactically~*~*~ (outnumbered).
 13606 | Gauntlet | 13606 ||| Stepping ~*~*~tactically~*~*~ (outnumbered).
 13692 | Gauntlet | 13692 ||| READING scroll labelled VABBAO YDE PAPP.
 13709 | Gauntlet | Noticed a minotaur
 13710 | Gauntlet | 13710 ||| INVOKING Heroism.
 13720 | Gauntlet | Killed a minotaur
 13720 | Gauntlet | Reached ***** piety under Okawaru
 13789 | Gauntlet | 13789 ||| DROPPING ring of see invisible.
 13801 | Lair:5   | 13801 ||| PLANNING LAIR
 13837 | Lair:4   | Reached skill level 6 in Invocations
 13838 | Lair:4   | 13838 ||| Stepping ~*~*~tactically~*~*~ (stealth).
 14513 | Lair:4   | 14513 ||| Stepping ~*~*~tactically~*~*~ (stealth).
 14521 | Lair:4   | You fall into a shaft and drop 1 floor!
 14593 | Lair:4   | 14593 ||| Stepping ~*~*~tactically~*~*~ (stealth).
 14594 | Lair:4   | 14594 ||| Stepping ~*~*~tactically~*~*~ (stealth).
 14688 | Lair:4   | Was forgiven by Ignis
 14782 | Lair:5   | 14782 ||| INVOKING Heroism.
 14829 | Lair:5   | 14829 ||| INVOKING Heroism.
 14831 | Lair:5   | 14831 ||| Stepping ~*~*~tactically~*~*~ (outnumbered).
 14832 | Lair:5   | 14832 ||| Stepping ~*~*~tactically~*~*~ (outnumbered).
 14833 | Lair:5   | 14833 ||| Stepping ~*~*~tactically~*~*~ (outnumbered).
 14835 | Lair:5   | 14835 ||| Stepping ~*~*~tactically~*~*~ (outnumbered).
 14847 | Lair:5   | 14847 ||| Stepping ~*~*~tactically~*~*~ (outnumbered).
 14857 | Lair:5   | 14857 ||| INVOKING Heroism.
 14865 | Lair:5   | Received a gift from Okawaru
 14951 | Lair:5   | 14951 ||| Stepping ~*~*~tactically~*~*~ (stealth).
 14960 | Lair:5   | Reached XP level 14. HP: 109/140 MP: 18/18
 14996 | Lair:5   | 14996 ||| Stepping ~*~*~tactically~*~*~ (outnumbered).
 15031 | Lair:5   | Found a corrupted altar of Lugonu.
 15035 | Lair:5   | Found a one-way gate to the infinite horrors of the Abyss.
 15099 | Lair:5   | 15099 ||| INVOKING Heroism.
 15129 | Lair:5   | 15129 ||| Stepping ~*~*~tactically~*~*~ (stealth).
 15130 | Lair:5   | 15130 ||| Stepping ~*~*~tactically~*~*~ (stealth).
 15173 | Lair:5   | 15173 ||| Stepping ~*~*~tactically~*~*~ (stealth).
 15175 | Lair:5   | 15175 ||| Stepping ~*~*~tactically~*~*~ (stealth).
 15268 | Lair:5   | 15268 ||| Stepping ~*~*~tactically~*~*~ (stealth).
 15269 | Lair:5   | 15269 ||| Stepping ~*~*~tactically~*~*~ (stealth).
 15277 | Lair:5   | 15277 ||| Stepping ~*~*~tactically~*~*~ (stealth).
 15278 | Lair:5   | 15278 ||| Stepping ~*~*~tactically~*~*~ (stealth).
 15444 | Lair:5   | 15444 ||| INVOKING Heroism.
 15445 | Lair:5   | 15445 ||| INVOKING Finesse.
 15461 | Lair:5   | Received a gift from Okawaru
 15461 | Lair:5   | Found the +4 moon troll leather armour {Spirit, Regen++
                  | MP+5}
 15466 | Lair:5   | 15466 ||| Stepping ~*~*~tactically~*~*~ (outnumbered).
 15586 | Lair:5   | 15586 ||| PLANNING D:1-11
 15586 | Lair:5   | 15586 ||| UPGRADING to +4 moon troll leather armour
                  | {Spirit, Regen++ MP+5}.
 15596 | Lair:5   | 15596 ||| DROPPING +0 troll leather armour.
 15622 | Lair:5   | 15622 ||| READING scroll labelled ZAYWUY UGRUFF.
 15783 | D:11     | Noticed Grum
 15784 | D:11     | 15784 ||| INVOKING Heroism.
 15785 | D:11     | 15785 ||| INVOKING Finesse.
 15803 | D:11     | Killed Grum
 15840 | D:11     | Noticed Gastronok
 15841 | D:11     | 15841 ||| Stepping ~*~*~tactically~*~*~ (hiding).
 15858 | D:11     | Killed Gastronok
 15859 | D:11     | Reached skill level 6 in Throwing
 15900 | D:11     | 15900 ||| Stepping ~*~*~tactically~*~*~ (stealth).
 16013 | D:11     | 16013 ||| Stepping ~*~*~tactically~*~*~ (hiding).
 16148 | D:11     | 16148 ||| INVOKING Heroism.
 16150 | D:11     | 16150 ||| Stepping ~*~*~tactically~*~*~ (hiding).
 16340 | D:11     | Reached skill level 20 in Unarmed Combat
 16388 | D:11     | 16388 ||| Stepping ~*~*~tactically~*~*~ (hiding).
 16389 | D:11     | 16389 ||| Stepping ~*~*~tactically~*~*~ (hiding).
 16418 | D:11     | Noticed Erolcha
 16419 | D:11     | 16419 ||| Stepping ~*~*~tactically~*~*~ (hiding).
 16422 | D:11     | 16422 ||| INVOKING Heroism.
 16423 | D:11     | 16423 ||| INVOKING Finesse.
 16427 | D:11     | Killed Erolcha
 16643 | D:11     | 16643 ||| PLANNING D
 16643 | D:11     | 16643 ||| UPGRADING to +2 hat.
 16648 | D:11     | 16648 ||| DROPPING ring of flight.
 16666 | D:12     | 16666 ||| STAIRDANCE
 16678 | D:12     | Reached skill level 9 in Invocations
 16688 | D:12     | Found a frozen archway.
 16689 | D:12     | 16689 ||| Stepping ~*~*~tactically~*~*~ (hiding).
 16727 | D:12     | Found a staircase to the Orcish Mines.
 16778 | D:12     | 16778 ||| Stepping ~*~*~tactically~*~*~ (hiding).
 16780 | D:12     | 16780 ||| Stepping ~*~*~tactically~*~*~ (hiding).
 16788 | D:12     | 16788 ||| INVOKING Heroism.
 16796 | D:12     | 16796 ||| Stepping ~*~*~tactically~*~*~ (outnumbered).
 16797 | D:12     | 16797 ||| Stepping ~*~*~tactically~*~*~ (outnumbered).
 16798 | D:12     | 16798 ||| INVOKING Finesse.
 16802 | D:12     | 16802 ||| Stepping ~*~*~tactically~*~*~ (outnumbered).
 16807 | D:12     | 16807 ||| Stepping ~*~*~tactically~*~*~ (outnumbered).
 16808 | D:12     | 16808 ||| Stepping ~*~*~tactically~*~*~ (hiding).
 16814 | D:12     | 16814 ||| Stepping ~*~*~tactically~*~*~ (outnumbered).
 16815 | D:12     | 16815 ||| Stepping ~*~*~tactically~*~*~ (outnumbered).
 16816 | D:12     | 16816 ||| Stepping ~*~*~tactically~*~*~ (outnumbered).
 16824 | D:12     | 16824 ||| Stepping ~*~*~tactically~*~*~ (outnumbered).
 16825 | D:12     | 16825 ||| Stepping ~*~*~tactically~*~*~ (outnumbered).
 16826 | D:12     | 16826 ||| Stepping ~*~*~tactically~*~*~ (outnumbered).
 16827 | D:12     | 16827 ||| Stepping ~*~*~tactically~*~*~ (outnumbered).
 16831 | D:12     | 16831 ||| Stepping ~*~*~tactically~*~*~ (outnumbered).
 16832 | D:12     | 16832 ||| Stepping ~*~*~tactically~*~*~ (outnumbered).
 16839 | D:12     | 16839 ||| Stepping ~*~*~tactically~*~*~ (outnumbered).
 16840 | D:12     | 16840 ||| Stepping ~*~*~tactically~*~*~ (outnumbered).
 16841 | D:12     | 16841 ||| Stepping ~*~*~tactically~*~*~ (outnumbered).
 16842 | D:12     | 16842 ||| Stepping ~*~*~tactically~*~*~ (outnumbered).
 16843 | D:12     | 16843 ||| Stepping ~*~*~tactically~*~*~ (outnumbered).
 16844 | D:12     | 16844 ||| Stepping ~*~*~tactically~*~*~ (outnumbered).
 16845 | D:12     | 16845 ||| Stepping ~*~*~tactically~*~*~ (outnumbered).
 16846 | D:12     | 16846 ||| Stepping ~*~*~tactically~*~*~ (outnumbered).
 16905 | D:12     | 16905 ||| Stepping ~*~*~tactically~*~*~ (hiding).
 17029 | D:12     | 17029 ||| INVOKING Heroism.
 17032 | D:12     | 17032 ||| Stepping ~*~*~tactically~*~*~ (outnumbered).
 17085 | D:12     | 17085 ||| INVOKING Heroism.
 17092 | D:12     | 17092 ||| Stepping ~*~*~tactically~*~*~ (stealth).
 17100 | D:12     | 17100 ||| Stepping ~*~*~tactically~*~*~ (outnumbered).
 17101 | D:12     | 17101 ||| Stepping ~*~*~tactically~*~*~ (outnumbered).
 17102 | D:12     | 17102 ||| Stepping ~*~*~tactically~*~*~ (outnumbered).
 17103 | D:12     | 17103 ||| Stepping ~*~*~tactically~*~*~ (outnumbered).
 17104 | D:12     | 17104 ||| Stepping ~*~*~tactically~*~*~ (outnumbered).
 17105 | D:12     | 17105 ||| Stepping ~*~*~tactically~*~*~ (stealth).
 17203 | D:12     | 17203 ||| Stepping ~*~*~tactically~*~*~ (stealth).
 17204 | D:12     | 17204 ||| Stepping ~*~*~tactically~*~*~ (hiding).
 17210 | D:12     | 17210 ||| Stepping ~*~*~tactically~*~*~ (hiding).
 17213 | D:12     | 17213 ||| INVOKING Heroism.
 17219 | D:12     | Received a gift from Okawaru
 17220 | D:12     | 17220 ||| Stepping ~*~*~tactically~*~*~ (hiding).
 17234 | D:12     | 17234 ||| Stepping ~*~*~tactically~*~*~ (hiding).
 17236 | D:12     | 17236 ||| Stepping ~*~*~tactically~*~*~ (hiding).
 17418 | D:12     | 17418 ||| Stepping ~*~*~tactically~*~*~ (stealth).
 17420 | D:12     | 17420 ||| Stepping ~*~*~tactically~*~*~ (stealth).
 17424 | D:12     | 17424 ||| Stepping ~*~*~tactically~*~*~ (outnumbered).
 17425 | D:12     | 17425 ||| Stepping ~*~*~tactically~*~*~ (outnumbered).
 17426 | D:12     | 17426 ||| INVOKING Heroism.
 17427 | D:12     | 17427 ||| Stepping ~*~*~tactically~*~*~ (outnumbered).
 17428 | D:12     | 17428 ||| INVOKING Finesse.
 17429 | D:12     | 17429 ||| Stepping ~*~*~tactically~*~*~ (outnumbered).
 17430 | D:12     | 17430 ||| Stepping ~*~*~tactically~*~*~ (outnumbered).
 17431 | D:12     | 17431 ||| Stepping ~*~*~tactically~*~*~ (outnumbered).
 17432 | D:12     | 17432 ||| Stepping ~*~*~tactically~*~*~ (outnumbered).
 17436 | D:12     | 17436 ||| Stepping ~*~*~tactically~*~*~ (outnumbered).
 17437 | D:12     | 17437 ||| Stepping ~*~*~tactically~*~*~ (outnumbered).
 17446 | D:12     | Received a gift from Okawaru
 17700 | D:12     | 17700 ||| DROPPING +0 cloak.
 17771 | D:13     | 17771 ||| FLEEEEING.
 17772 | D:13     | 17772 ||| FLEEEEING.
 17773 | D:13     | 17773 ||| FLEEEEING.
 17774 | D:13     | 17774 ||| FLEEEEING.
 17778 | D:13     | 17778 ||| FLEEEEING.
 17779 | D:13     | 17779 ||| FLEEEEING.
 17780 | D:13     | 17780 ||| STAIRDANCE
 17929 | D:13     | 17929 ||| Stepping ~*~*~tactically~*~*~ (stealth).
 17937 | D:13     | 17937 ||| Stepping ~*~*~tactically~*~*~ (hiding).
 17938 | D:13     | 17938 ||| Stepping ~*~*~tactically~*~*~ (hiding).
 18131 | D:13     | 18131 ||| INVOKING Heroism.
 18132 | D:13     | 18132 ||| INVOKING Finesse.
 18138 | D:13     | Reached XP level 15. HP: 123/146 MP: 16/21
 18342 | D:13     | Noticed a frost giant
 18394 | D:13     | 18394 ||| READING scroll labelled JAAGGI JIUTS.
 18395 | D:13     | 18395 ||| READING 6 scrolls of teleportation.
 18587 | D:13     | 18587 ||| Stepping ~*~*~tactically~*~*~ (hiding).
 18626 | D:13     | 18626 ||| Stepping ~*~*~tactically~*~*~ (stealth).
 18746 | D:13     | 18746 ||| Stepping ~*~*~tactically~*~*~ (stealth).
 18748 | D:13     | 18748 ||| Stepping ~*~*~tactically~*~*~ (hiding).
 18880 | D:13     | Identified the +10 rapier "Fonek" {vorpal, rElec rC+ Int+2}
 18899 | D:13     | 18899 ||| FLEEEEING.
 18903 | D:13     | 18903 ||| FLEEEEING.
 18905 | D:13     | 18905 ||| FLEEEEING.
 18971 | D:13     | 18971 ||| FLEEEEING.
 19074 | D:13     | Found a gate to the Vaults.
 19120 | D:14     | 19120 ||| STAIRDANCE
 19122 | D:13     | 19122 ||| Stepping ~*~*~tactically~*~*~ (outnumbered).
 19123 | D:13     | 19123 ||| Stepping ~*~*~tactically~*~*~ (outnumbered).
 19126 | D:13     | 19126 ||| Stepping ~*~*~tactically~*~*~ (outnumbered).
 19127 | D:13     | 19127 ||| Stepping ~*~*~tactically~*~*~ (outnumbered).
 19128 | D:13     | 19128 ||| Stepping ~*~*~tactically~*~*~ (outnumbered).
 19133 | D:13     | 19133 ||| Stepping ~*~*~tactically~*~*~ (outnumbered).
 19137 | D:13     | 19137 ||| FLEEEEING.
 19185 | D:14     | 19185 ||| STAIRDANCE
 19187 | D:13     | 19187 ||| Stepping ~*~*~tactically~*~*~ (outnumbered).
 19188 | D:13     | 19188 ||| Stepping ~*~*~tactically~*~*~ (outnumbered).
 19189 | D:13     | 19189 ||| Stepping ~*~*~tactically~*~*~ (outnumbered).
 19190 | D:13     | 19190 ||| Stepping ~*~*~tactically~*~*~ (outnumbered).
 19333 | D:14     | Found Afuwygu's Antique Armour Shop.
 19362 | D:14     | 19362 ||| Stepping ~*~*~tactically~*~*~ (hiding).
 19417 | D:14     | 19417 ||| INVOKING Heroism.
 19418 | D:14     | 19418 ||| INVOKING Finesse.
 19434 | D:14     | 19434 ||| Stepping ~*~*~tactically~*~*~ (hiding).
 19436 | D:14     | Reached skill level 9 in Throwing
 19438 | D:14     | Noticed Lodul
 19439 | D:14     | 19439 ||| INVOKING Finesse.
 19441 | D:14     | 19441 ||| Stepping ~*~*~tactically~*~*~ (outnumbered).
 19443 | D:14     | 19443 ||| Stepping ~*~*~tactically~*~*~ (outnumbered).
 19448 | D:14     | Received a gift from Okawaru
 19450 | D:14     | 19450 ||| Stepping ~*~*~tactically~*~*~ (outnumbered).
 19456 | D:14     | 19456 ||| Stepping ~*~*~tactically~*~*~ (outnumbered).
 19459 | D:14     | 19459 ||| Stepping ~*~*~tactically~*~*~ (outnumbered).
 19460 | D:14     | HP: 20/146 [ogre/+0 giant spiked club[Lodul] (24)]
 19461 | D:14     | 19461 ||| READING 5 scrolls of teleportation.
 19462 | D:14     | 19462 ||| DRINKING 3 potions of heal wounds.
 19463 | D:14     | 19463 ||| Stepping ~*~*~tactically~*~*~ (outnumbered).
 19589 | D:14     | 19589 ||| INVOKING Heroism.
 19655 | D:14     | 19655 ||| Stepping ~*~*~tactically~*~*~ (hiding).
 19656 | D:14     | 19656 ||| Stepping ~*~*~tactically~*~*~ (hiding).
 19666 | D:14     | 19666 ||| Stepping ~*~*~tactically~*~*~ (hiding).
 19667 | D:14     | 19667 ||| Stepping ~*~*~tactically~*~*~ (hiding).
 19668 | D:14     | 19668 ||| Stepping ~*~*~tactically~*~*~ (hiding).
 19747 | D:14     | 19747 ||| INVOKING Heroism.
 19748 | D:14     | 19748 ||| INVOKING Finesse.
 19751 | D:14     | Killed Lodul
 19802 | D:14     | 19802 ||| INVOKING Heroism.
 19813 | D:14     | 19813 ||| Stepping ~*~*~tactically~*~*~ (outnumbered).
 19814 | D:14     | 19814 ||| Stepping ~*~*~tactically~*~*~ (outnumbered).
 19816 | D:14     | 19816 ||| Stepping ~*~*~tactically~*~*~ (outnumbered).
 19817 | D:14     | 19817 ||| Stepping ~*~*~tactically~*~*~ (outnumbered).
 19818 | D:14     | 19818 ||| Stepping ~*~*~tactically~*~*~ (outnumbered).
 19819 | D:14     | 19819 ||| Stepping ~*~*~tactically~*~*~ (outnumbered).
 19820 | D:14     | 19820 ||| Stepping ~*~*~tactically~*~*~ (outnumbered).
 19821 | D:14     | 19821 ||| Stepping ~*~*~tactically~*~*~ (hiding).
 19884 | D:14     | 19884 ||| INVOKING Heroism.
 19885 | D:14     | 19885 ||| INVOKING Finesse.
 19951 | D:14     | 19951 ||| READING 5 scrolls of teleportation.
 20306 | D:15     | Entered Level 15 of the Dungeon
 20344 | D:15     | Reached skill level 21 in Unarmed Combat
 20365 | D:15     | 20365 ||| INVOKING Heroism.
 20482 | D:15     | Identified the +5 giant spiked club "Demonbane" {venom,
                  | rPois rC+ Str+4 Stlth-} (Okawaru gifted it to you on level
                  | 15 of the Dungeon)
 20482 | D:15     | Received a gift from Okawaru
 20493 | D:15     | 20493 ||| Stepping ~*~*~tactically~*~*~ (hiding).
 20588 | D:15     | 20588 ||| Stepping ~*~*~tactically~*~*~ (stealth).
 20591 | D:15     | Noticed Rupert
 20592 | D:15     | 20592 ||| INVOKING Heroism.
 20593 | D:15     | 20593 ||| INVOKING Finesse.
 20596 | D:15     | 20596 ||| DRINKING 7 potions of curing.
 20596 | D:15     | 20596 ||| (to cure confusion)
 20610 | D:15     | Killed Rupert
 20851 | D:15     | 20851 ||| INVOKING Heroism.
 20881 | D:15     | 20881 ||| Stepping ~*~*~tactically~*~*~ (stealth).
 20883 | D:15     | 20883 ||| Stepping ~*~*~tactically~*~*~ (stealth).
 20885 | D:15     | 20885 ||| Stepping ~*~*~tactically~*~*~ (hiding).
 20894 | D:15     | Received a gift from Okawaru
 20894 | D:15     | Found the +7 mace of Variability {chain chaos}
 20902 | D:15     | Found a staircase to the Depths.
 21168 | D:15     | Found a bloodstained altar of Trog.
 21217 | D:15     | 21217 ||| PLANNING ORC
 21217 | D:15     | 21217 ||| READING 6 scrolls of identify.
 21217 | D:15     | 21217 ||| IDENTIFYING orange potion
 21218 | D:15     | 21218 ||| DROPPING potion of lignification.
 21296 | Orc:1    | Entered Level 1 of the Orcish Mines
 21297 | Orc:1    | 21297 ||| INVOKING Heroism.
 21371 | Orc:1    | Noticed an orc warlord
 21372 | Orc:1    | 21372 ||| INVOKING Heroism.
 21376 | Orc:1    | 21376 ||| INVOKING Finesse.
 21377 | Orc:1    | 21377 ||| Stepping ~*~*~tactically~*~*~ (outnumbered).
 21378 | Orc:1    | 21378 ||| Stepping ~*~*~tactically~*~*~ (outnumbered).
 21379 | Orc:1    | 21379 ||| Stepping ~*~*~tactically~*~*~ (outnumbered).
 21380 | Orc:1    | 21380 ||| Stepping ~*~*~tactically~*~*~ (outnumbered).
 21383 | Orc:1    | 21383 ||| Stepping ~*~*~tactically~*~*~ (outnumbered).
 21384 | Orc:1    | 21384 ||| Stepping ~*~*~tactically~*~*~ (outnumbered).
 21385 | Orc:1    | 21385 ||| Stepping ~*~*~tactically~*~*~ (outnumbered).
 21386 | Orc:1    | 21386 ||| Stepping ~*~*~tactically~*~*~ (outnumbered).
 21387 | Orc:1    | 21387 ||| Stepping ~*~*~tactically~*~*~ (outnumbered).
 21388 | Orc:1    | 21388 ||| Stepping ~*~*~tactically~*~*~ (outnumbered).
 21389 | Orc:1    | 21389 ||| Stepping ~*~*~tactically~*~*~ (outnumbered).
 21393 | Orc:1    | 21393 ||| Stepping ~*~*~tactically~*~*~ (outnumbered).
 21394 | Orc:1    | 21394 ||| Stepping ~*~*~tactically~*~*~ (outnumbered).
 21395 | Orc:1    | 21395 ||| Stepping ~*~*~tactically~*~*~ (outnumbered).
 21396 | Orc:1    | 21396 ||| Stepping ~*~*~tactically~*~*~ (outnumbered).
 21397 | Orc:1    | 21397 ||| Stepping ~*~*~tactically~*~*~ (outnumbered).
 21400 | Orc:1    | 21400 ||| Stepping ~*~*~tactically~*~*~ (outnumbered).
 21401 | Orc:1    | 21401 ||| Stepping ~*~*~tactically~*~*~ (outnumbered).
 21402 | Orc:1    | 21402 ||| Stepping ~*~*~tactically~*~*~ (outnumbered).
 21403 | Orc:1    | 21403 ||| Stepping ~*~*~tactically~*~*~ (outnumbered).
 21404 | Orc:1    | 21404 ||| Stepping ~*~*~tactically~*~*~ (outnumbered).
 21412 | Orc:1    | 21412 ||| Stepping ~*~*~tactically~*~*~ (outnumbered).
 21419 | Orc:1    | 21419 ||| Stepping ~*~*~tactically~*~*~ (outnumbered).
 21425 | Orc:1    | 21425 ||| Stepping ~*~*~tactically~*~*~ (outnumbered).
 21433 | Orc:1    | Killed an orc warlord
 21438 | Orc:1    | 21438 ||| Stepping ~*~*~tactically~*~*~ (outnumbered).
 21449 | Orc:1    | 21449 ||| Stepping ~*~*~tactically~*~*~ (outnumbered).
 21697 | Orc:2    | Entered Level 2 of the Orcish Mines
 21698 | Orc:2    | 21698 ||| Stepping ~*~*~tactically~*~*~ (hiding).
 21699 | Orc:2    | 21699 ||| Stepping ~*~*~tactically~*~*~ (hiding).
 21702 | Orc:2    | 21702 ||| INVOKING Heroism.
 21706 | Orc:2    | 21706 ||| Stepping ~*~*~tactically~*~*~ (outnumbered).
 21720 | Orc:2    | 21720 ||| Stepping ~*~*~tactically~*~*~ (outnumbered).
 21720 | Orc:2    | Found a staircase to the Elven Halls.
 21720 | Orc:2    | Noticed Nessos
 21721 | Orc:2    | 21721 ||| INVOKING Finesse.
 21722 | Orc:2    | 21722 ||| Stepping ~*~*~tactically~*~*~ (outnumbered).
 21723 | Orc:2    | 21723 ||| Stepping ~*~*~tactically~*~*~ (outnumbered).
 21732 | Orc:2    | Killed Nessos
 21753 | Orc:2    | 21753 ||| Stepping ~*~*~tactically~*~*~ (stealth).
 21754 | Orc:2    | 21754 ||| Stepping ~*~*~tactically~*~*~ (stealth).
 21763 | Orc:2    | 21763 ||| Stepping ~*~*~tactically~*~*~ (stealth).
 21818 | Orc:2    | 21818 ||| INVOKING Heroism.
 21826 | Orc:2    | 21826 ||| Stepping ~*~*~tactically~*~*~ (hiding).
 21827 | Orc:2    | 21827 ||| Stepping ~*~*~tactically~*~*~ (hiding).
 21830 | Orc:2    | 21830 ||| Stepping ~*~*~tactically~*~*~ (hiding).
 21831 | Orc:2    | 21831 ||| Stepping ~*~*~tactically~*~*~ (outnumbered).
 21832 | Orc:2    | 21832 ||| Stepping ~*~*~tactically~*~*~ (outnumbered).
 21833 | Orc:2    | 21833 ||| Stepping ~*~*~tactically~*~*~ (outnumbered).
 21834 | Orc:2    | 21834 ||| Stepping ~*~*~tactically~*~*~ (outnumbered).
 21835 | Orc:2    | 21835 ||| Stepping ~*~*~tactically~*~*~ (outnumbered).
 21836 | Orc:2    | 21836 ||| Stepping ~*~*~tactically~*~*~ (outnumbered).
 21837 | Orc:2    | 21837 ||| Stepping ~*~*~tactically~*~*~ (outnumbered).
 21838 | Orc:2    | 21838 ||| Stepping ~*~*~tactically~*~*~ (outnumbered).
 21839 | Orc:2    | 21839 ||| Stepping ~*~*~tactically~*~*~ (outnumbered).
 21842 | Orc:2    | 21842 ||| Stepping ~*~*~tactically~*~*~ (outnumbered).
 21843 | Orc:2    | 21843 ||| Stepping ~*~*~tactically~*~*~ (outnumbered).
 21844 | Orc:2    | 21844 ||| Stepping ~*~*~tactically~*~*~ (outnumbered).
 21847 | Orc:2    | 21847 ||| Stepping ~*~*~tactically~*~*~ (outnumbered).
 21848 | Orc:2    | 21848 ||| Stepping ~*~*~tactically~*~*~ (outnumbered).
 21849 | Orc:2    | 21849 ||| Stepping ~*~*~tactically~*~*~ (outnumbered).
 21850 | Orc:2    | 21850 ||| Stepping ~*~*~tactically~*~*~ (outnumbered).
 21851 | Orc:2    | 21851 ||| Stepping ~*~*~tactically~*~*~ (outnumbered).
 21852 | Orc:2    | 21852 ||| Stepping ~*~*~tactically~*~*~ (outnumbered).
 21853 | Orc:2    | 21853 ||| INVOKING Heroism.
 21854 | Orc:2    | 21854 ||| Stepping ~*~*~tactically~*~*~ (outnumbered).
 21855 | Orc:2    | 21855 ||| Stepping ~*~*~tactically~*~*~ (outnumbered).
 21856 | Orc:2    | 21856 ||| Stepping ~*~*~tactically~*~*~ (outnumbered).
 21857 | Orc:2    | 21857 ||| Stepping ~*~*~tactically~*~*~ (outnumbered).
 21858 | Orc:2    | 21858 ||| Stepping ~*~*~tactically~*~*~ (outnumbered).
 21859 | Orc:2    | 21859 ||| Stepping ~*~*~tactically~*~*~ (outnumbered).
 21862 | Orc:2    | 21862 ||| Stepping ~*~*~tactically~*~*~ (outnumbered).
 21863 | Orc:2    | 21863 ||| Stepping ~*~*~tactically~*~*~ (outnumbered).
 21864 | Orc:2    | 21864 ||| Stepping ~*~*~tactically~*~*~ (outnumbered).
 21865 | Orc:2    | 21865 ||| Stepping ~*~*~tactically~*~*~ (outnumbered).
 21866 | Orc:2    | 21866 ||| Stepping ~*~*~tactically~*~*~ (outnumbered).
 21868 | Orc:2    | 21868 ||| Stepping ~*~*~tactically~*~*~ (hiding).
 21869 | Orc:2    | 21869 ||| Stepping ~*~*~tactically~*~*~ (hiding).
 22010 | Orc:2    | 22010 ||| INVOKING Heroism.
 22012 | Orc:2    | 22012 ||| Stepping ~*~*~tactically~*~*~ (outnumbered).
 22013 | Orc:2    | 22013 ||| Stepping ~*~*~tactically~*~*~ (outnumbered).
 22026 | Orc:2    | 22026 ||| Stepping ~*~*~tactically~*~*~ (outnumbered).
 22027 | Orc:2    | 22027 ||| Stepping ~*~*~tactically~*~*~ (outnumbered).
 22028 | Orc:2    | 22028 ||| Stepping ~*~*~tactically~*~*~ (outnumbered).
 22029 | Orc:2    | 22029 ||| Stepping ~*~*~tactically~*~*~ (outnumbered).
 22030 | Orc:2    | 22030 ||| Stepping ~*~*~tactically~*~*~ (outnumbered).
 22031 | Orc:2    | 22031 ||| Stepping ~*~*~tactically~*~*~ (outnumbered).
 22032 | Orc:2    | 22032 ||| Stepping ~*~*~tactically~*~*~ (outnumbered).
 22033 | Orc:2    | 22033 ||| Stepping ~*~*~tactically~*~*~ (outnumbered).
 22034 | Orc:2    | 22034 ||| Stepping ~*~*~tactically~*~*~ (outnumbered).
 22035 | Orc:2    | 22035 ||| Stepping ~*~*~tactically~*~*~ (outnumbered).
 22056 | Orc:2    | 22056 ||| INVOKING Heroism.
 22060 | Orc:2    | 22060 ||| Stepping ~*~*~tactically~*~*~ (outnumbered).
 22061 | Orc:2    | 22061 ||| Stepping ~*~*~tactically~*~*~ (outnumbered).
 22062 | Orc:2    | 22062 ||| Stepping ~*~*~tactically~*~*~ (outnumbered).
 22071 | Orc:2    | 22071 ||| Stepping ~*~*~tactically~*~*~ (outnumbered).
 22076 | Orc:2    | 22076 ||| Stepping ~*~*~tactically~*~*~ (outnumbered).
 22077 | Orc:2    | 22077 ||| Stepping ~*~*~tactically~*~*~ (outnumbered).
 22080 | Orc:2    | 22080 ||| Stepping ~*~*~tactically~*~*~ (outnumbered).
 22084 | Orc:2    | 22084 ||| Stepping ~*~*~tactically~*~*~ (outnumbered).
 22121 | Orc:2    | Reached XP level 16. HP: 125/158 MP: 14/22
 22122 | Orc:2    | 22122 ||| Stepping ~*~*~tactically~*~*~ (outnumbered).
 22123 | Orc:2    | 22123 ||| Stepping ~*~*~tactically~*~*~ (outnumbered).
 22124 | Orc:2    | 22124 ||| Stepping ~*~*~tactically~*~*~ (outnumbered).
 22127 | Orc:2    | 22127 ||| Stepping ~*~*~tactically~*~*~ (outnumbered).
 22128 | Orc:2    | 22128 ||| Stepping ~*~*~tactically~*~*~ (outnumbered).
 22129 | Orc:2    | 22129 ||| Stepping ~*~*~tactically~*~*~ (outnumbered).
 22136 | Orc:2    | 22136 ||| INVOKING Heroism.
 22144 | Orc:2    | Reached skill level 22 in Unarmed Combat
 22149 | Orc:2    | 22149 ||| Stepping ~*~*~tactically~*~*~ (outnumbered).
 22150 | Orc:2    | 22150 ||| Stepping ~*~*~tactically~*~*~ (outnumbered).
 22151 | Orc:2    | 22151 ||| Stepping ~*~*~tactically~*~*~ (outnumbered).
 22152 | Orc:2    | 22152 ||| Stepping ~*~*~tactically~*~*~ (outnumbered).
 22153 | Orc:2    | 22153 ||| Stepping ~*~*~tactically~*~*~ (outnumbered).
 22154 | Orc:2    | 22154 ||| Stepping ~*~*~tactically~*~*~ (outnumbered).
 22155 | Orc:2    | 22155 ||| Stepping ~*~*~tactically~*~*~ (outnumbered).
 22158 | Orc:2    | 22158 ||| Stepping ~*~*~tactically~*~*~ (outnumbered).
 22159 | Orc:2    | 22159 ||| Stepping ~*~*~tactically~*~*~ (outnumbered).
 22160 | Orc:2    | 22160 ||| Stepping ~*~*~tactically~*~*~ (outnumbered).
 22163 | Orc:2    | 22163 ||| Stepping ~*~*~tactically~*~*~ (outnumbered).
 22165 | Orc:2    | 22165 ||| Stepping ~*~*~tactically~*~*~ (outnumbered).
 22180 | Orc:2    | HP: 32/158 [orc high priest/divine providence (14)]
 22181 | Orc:2    | 22181 ||| READING 4 scrolls of teleportation.
 22182 | Orc:2    | 22182 ||| DRINKING 6 potions of heal wounds.
 22183 | Orc:2    | 22183 ||| DRINKING 5 potions of heal wounds.
 22285 | Orc:2    | 22285 ||| Invisible monster not found???
 22356 | Orc:2    | 22356 ||| INVOKING Heroism.
 22361 | Orc:2    | 22361 ||| Stepping ~*~*~tactically~*~*~ (outnumbered).
 22362 | Orc:2    | 22362 ||| Stepping ~*~*~tactically~*~*~ (outnumbered).
 22363 | Orc:2    | 22363 ||| Stepping ~*~*~tactically~*~*~ (outnumbered).
 22364 | Orc:2    | 22364 ||| Stepping ~*~*~tactically~*~*~ (outnumbered).
 22365 | Orc:2    | 22365 ||| Stepping ~*~*~tactically~*~*~ (outnumbered).
 22366 | Orc:2    | 22366 ||| Stepping ~*~*~tactically~*~*~ (outnumbered).
 22367 | Orc:2    | 22367 ||| Stepping ~*~*~tactically~*~*~ (outnumbered).
 22368 | Orc:2    | 22368 ||| Stepping ~*~*~tactically~*~*~ (outnumbered).
 22369 | Orc:2    | 22369 ||| Stepping ~*~*~tactically~*~*~ (outnumbered).
 22370 | Orc:2    | 22370 ||| Stepping ~*~*~tactically~*~*~ (outnumbered).
 22371 | Orc:2    | 22371 ||| Stepping ~*~*~tactically~*~*~ (outnumbered).
 22420 | Orc:2    | 22420 ||| INVOKING Heroism.
 22442 | Orc:2    | 22442 ||| Stepping ~*~*~tactically~*~*~ (stealth).
 22462 | Orc:2    | 22462 ||| Stepping ~*~*~tactically~*~*~ (stealth).
 22463 | Orc:2    | 22463 ||| Stepping ~*~*~tactically~*~*~ (stealth).
 22465 | Orc:2    | 22465 ||| Stepping ~*~*~tactically~*~*~ (stealth).
 22467 | Orc:2    | 22467 ||| Stepping ~*~*~tactically~*~*~ (hiding).
 22469 | Orc:2    | 22469 ||| Stepping ~*~*~tactically~*~*~ (stealth).
 22470 | Orc:2    | 22470 ||| Stepping ~*~*~tactically~*~*~ (stealth).
 22477 | Orc:2    | 22477 ||| Stepping ~*~*~tactically~*~*~ (hiding).
 22478 | Orc:2    | 22478 ||| INVOKING Heroism.
 22507 | Orc:2    | 22507 ||| Stepping ~*~*~tactically~*~*~ (stealth).
 22526 | Orc:2    | 22526 ||| INVOKING Heroism.
 22528 | Orc:2    | 22528 ||| INVOKING Finesse.
 22672 | Orc:2    | 22672 ||| INVOKING Heroism.
 22678 | Orc:2    | 22678 ||| Stepping ~*~*~tactically~*~*~ (outnumbered).
 22679 | Orc:2    | 22679 ||| Stepping ~*~*~tactically~*~*~ (outnumbered).
 22680 | Orc:2    | 22680 ||| Stepping ~*~*~tactically~*~*~ (outnumbered).
 22683 | Orc:2    | 22683 ||| Stepping ~*~*~tactically~*~*~ (outnumbered).
 22684 | Orc:2    | 22684 ||| Stepping ~*~*~tactically~*~*~ (outnumbered).
 22685 | Orc:2    | 22685 ||| Stepping ~*~*~tactically~*~*~ (outnumbered).
 22686 | Orc:2    | 22686 ||| Stepping ~*~*~tactically~*~*~ (outnumbered).
 22687 | Orc:2    | 22687 ||| Stepping ~*~*~tactically~*~*~ (outnumbered).
 22688 | Orc:2    | 22688 ||| Stepping ~*~*~tactically~*~*~ (outnumbered).
 22689 | Orc:2    | 22689 ||| Stepping ~*~*~tactically~*~*~ (outnumbered).
 22729 | Orc:2    | 22729 ||| Stepping ~*~*~tactically~*~*~ (stealth).
 22736 | Orc:2    | Received a gift from Okawaru
 22779 | Orc:2    | 22779 ||| Stepping ~*~*~tactically~*~*~ (stealth).
 22784 | Orc:2    | 22784 ||| INVOKING Heroism.
 22832 | Orc:2    | 22832 ||| Stepping ~*~*~tactically~*~*~ (hiding).
 22944 | Orc:2    | Found Ujuckol's Antique Armour Shop.
 22945 | Orc:2    | Found Fothru Neto's Antique Weapon Boutique.
 22947 | Orc:2    | Found Lauthaduex's General Store.
 22947 | Orc:2    | Found Kaadd's Jewellery Shop.
 22951 | Orc:2    | 22951 ||| BUYING potion of heal wounds (60 gold).
 22951 | Orc:2    | Bought a potion of heal wounds for 60 gold pieces
 22951 | Orc:2    | 22951 ||| BUYING scroll of enchant weapon (90 gold).
 22951 | Orc:2    | Bought a scroll of enchant weapon for 90 gold pieces
 22951 | Orc:2    | 22951 ||| BUYING scroll of teleportation (36 gold).
 22951 | Orc:2    | Bought a scroll of teleportation for 36 gold pieces
 22952 | Orc:2    | 22952 ||| BUYING amulet of the Greedy {Faith rPois Will+}
                  | (795 gold).
 22952 | Orc:2    | Bought the amulet of the Greedy {Faith rPois Will+} for 795
                  | gold pieces
 22961 | Orc:2    | 22961 ||| BUYING runed scarf (192 gold).
 22961 | Orc:2    | Bought a runed scarf for 192 gold pieces
 22969 | Orc:2    | 22969 ||| INVOKING Heroism.
 22972 | Orc:2    | 22972 ||| Stepping ~*~*~tactically~*~*~ (outnumbered).
 22973 | Orc:2    | 22973 ||| Stepping ~*~*~tactically~*~*~ (outnumbered).
 22974 | Orc:2    | 22974 ||| Stepping ~*~*~tactically~*~*~ (outnumbered).
 22975 | Orc:2    | 22975 ||| Stepping ~*~*~tactically~*~*~ (outnumbered).
 22976 | Orc:2    | 22976 ||| Stepping ~*~*~tactically~*~*~ (outnumbered).
 22977 | Orc:2    | 22977 ||| Stepping ~*~*~tactically~*~*~ (outnumbered).
 22978 | Orc:2    | 22978 ||| Stepping ~*~*~tactically~*~*~ (outnumbered).
 22979 | Orc:2    | 22979 ||| Stepping ~*~*~tactically~*~*~ (outnumbered).
 22980 | Orc:2    | 22980 ||| Stepping ~*~*~tactically~*~*~ (outnumbered).
 22981 | Orc:2    | 22981 ||| Stepping ~*~*~tactically~*~*~ (outnumbered).
 22982 | Orc:2    | 22982 ||| Stepping ~*~*~tactically~*~*~ (outnumbered).
 22983 | Orc:2    | 22983 ||| Stepping ~*~*~tactically~*~*~ (outnumbered).
 22984 | Orc:2    | 22984 ||| Stepping ~*~*~tactically~*~*~ (outnumbered).
 22987 | Orc:2    | 22987 ||| Stepping ~*~*~tactically~*~*~ (outnumbered).
 22991 | Orc:2    | 22991 ||| Stepping ~*~*~tactically~*~*~ (outnumbered).
 23225 | Orc:2    | 23225 ||| UPGRADING to +0 kite shield.
 23230 | Orc:2    | 23230 ||| DROPPING scarf of harm.
 23231 | Orc:2    | 23231 ||| UPGRADING to amulet of the Greedy {Faith rPois
                  | Will+}.
 23277 | Orc:1    | Noticed Erica
 23278 | Orc:1    | 23278 ||| INVOKING Heroism.
 23283 | Orc:1    | 23283 ||| Stepping ~*~*~tactically~*~*~ (outnumbered).
 23286 | Orc:1    | Killed Erica
 23287 | Orc:1    | 23287 ||| Stepping ~*~*~tactically~*~*~ (outnumbered).
 23288 | Orc:1    | 23288 ||| Stepping ~*~*~tactically~*~*~ (outnumbered).
 23289 | Orc:1    | 23289 ||| Stepping ~*~*~tactically~*~*~ (outnumbered).
 23291 | Orc:1    | 23291 ||| Stepping ~*~*~tactically~*~*~ (outnumbered).
 23292 | Orc:1    | 23292 ||| Stepping ~*~*~tactically~*~*~ (outnumbered).
 23295 | Orc:1    | Reached skill level 1 in Shields
 23309 | Orc:1    | 23309 ||| INVOKING Heroism.
 23315 | Orc:1    | 23315 ||| Stepping ~*~*~tactically~*~*~ (outnumbered).
 23460 | Orc:1    | 23460 ||| PLANNING SPIDER:1-3
 23661 | Spider:1 | Entered Level 1 of the Spider Nest
 23662 | Spider:1 | 23662 ||| INVOKING Heroism.
 23682 | Spider:1 | Received a gift from Okawaru
 23695 | Spider:1 | 23695 ||| Stepping ~*~*~tactically~*~*~ (stealth).
 23718 | Spider:1 | Reached skill level 3 in Shields
 23778 | Spider:1 | 23778 ||| Stepping ~*~*~tactically~*~*~ (hiding).
 23790 | Spider:1 | 23790 ||| INVOKING Heroism.
 23864 | Spider:1 | 23864 ||| Stepping ~*~*~tactically~*~*~ (stealth).
 23867 | Spider:1 | 23867 ||| INVOKING Heroism.
 23873 | Spider:1 | 23873 ||| Stepping ~*~*~tactically~*~*~ (outnumbered).
 23885 | Spider:1 | 23885 ||| Stepping ~*~*~tactically~*~*~ (stealth).
 23888 | Spider:1 | 23888 ||| Stepping ~*~*~tactically~*~*~ (stealth).
 23954 | Spider:1 | 23954 ||| Stepping ~*~*~tactically~*~*~ (stealth).
 23955 | Spider:1 | 23955 ||| Stepping ~*~*~tactically~*~*~ (stealth).
 24001 | Spider:1 | Identified the +6 scimitar of Dissent {holy, +Blink Int+3
                  | Dex+2} (Okawaru gifted it to you on level 1 of the Spider
                  | Nest)
 24001 | Spider:1 | Received a gift from Okawaru
 24073 | Spider:1 | 24073 ||| INVOKING Finesse.
 24075 | Spider:1 | 24075 ||| DRINKING 8 potions of curing.
 24075 | Spider:1 | 24075 ||| (to cure confusion)
 24188 | Spider:1 | 24188 ||| INVOKING Heroism.
 24211 | Spider:1 | Reached skill level 6 in Shields
 24477 | Spider:1 | 24477 ||| Stepping ~*~*~tactically~*~*~ (stealth).
 24542 | Spider:2 | 24542 ||| INVOKING Heroism.
 24554 | Spider:2 | HP: 37/158 [meliai/divine providence (13)]
 24555 | Spider:2 | 24555 ||| READING 4 scrolls of teleportation.
 24556 | Spider:2 | 24556 ||| DRINKING 5 potions of heal wounds.
 24557 | Spider:2 | 24557 ||| DRINKING 4 potions of heal wounds.
 24728 | Spider:2 | 24728 ||| Stepping ~*~*~tactically~*~*~ (stealth).
 24731 | Spider:2 | 24731 ||| INVOKING Heroism.
 24734 | Spider:2 | 24734 ||| DRINKING 7 potions of curing.
 24734 | Spider:2 | 24734 ||| (to cure confusion)
 24747 | Spider:2 | 24747 ||| INVOKING Finesse.
 24753 | Spider:2 | 24753 ||| Stepping ~*~*~tactically~*~*~ (stealth).
 24754 | Spider:2 | 24754 ||| Stepping ~*~*~tactically~*~*~ (stealth).
 24764 | Spider:2 | 24764 ||| Stepping ~*~*~tactically~*~*~ (stealth).
 24775 | Spider:2 | 24775 ||| Stepping ~*~*~tactically~*~*~ (stealth).
 24776 | Spider:2 | 24776 ||| Stepping ~*~*~tactically~*~*~ (stealth).
 24777 | Spider:2 | 24777 ||| Stepping ~*~*~tactically~*~*~ (stealth).
 24829 | Spider:2 | 24829 ||| Stepping ~*~*~tactically~*~*~ (outnumbered).
 24831 | Spider:2 | 24831 ||| INVOKING Heroism.
 24832 | Spider:2 | 24832 ||| DRINKING 6 potions of curing.
 24832 | Spider:2 | 24832 ||| (to cure confusion)
 24844 | Spider:2 | 24844 ||| Stepping ~*~*~tactically~*~*~ (stealth).
 24845 | Spider:2 | 24845 ||| Stepping ~*~*~tactically~*~*~ (stealth).
 24847 | Spider:2 | 24847 ||| Stepping ~*~*~tactically~*~*~ (stealth).
 24849 | Spider:2 | 24849 ||| Stepping ~*~*~tactically~*~*~ (stealth).
 24894 | Spider:2 | 24894 ||| Stepping ~*~*~tactically~*~*~ (hiding).
 24898 | Spider:2 | 24898 ||| INVOKING Heroism.
 25157 | Spider:2 | Found a runed translucent door.
 25157 | Spider:2 | Noticed Feguytzu's ghost (journeyman GrMo)
 25412 | Spider:2 | 25412 ||| READING 4 scrolls of teleportation.
 25541 | Spider:3 | 25541 ||| Stepping ~*~*~tactically~*~*~ (stealth).
 25563 | Spider:3 | 25563 ||| Stepping ~*~*~tactically~*~*~ (stealth).
 25568 | Spider:3 | 25568 ||| INVOKING Heroism.
 25644 | Spider:3 | Reached skill level 9 in Shields
 25646 | Spider:3 | 25646 ||| Stepping ~*~*~tactically~*~*~ (stealth).
 25720 | Spider:3 | Received a gift from Okawaru
 25803 | Spider:3 | 25803 ||| Stepping ~*~*~tactically~*~*~ (stealth).
 25846 | Spider:3 | 25846 ||| INVOKING Finesse.
 26130 | Spider:3 | 26130 ||| Stepping ~*~*~tactically~*~*~ (hiding).
 26501 | Spider:3 | Received a gift from Okawaru
 26819 | Spider:3 | 26819 ||| PLANNING SHOALS:1-3
 26897 | Shoals:1 | Entered Level 1 of the Shoals
 26901 | Shoals:1 | 26901 ||| Stepping ~*~*~tactically~*~*~ (hiding).
 26904 | Shoals:1 | 26904 ||| Stepping ~*~*~tactically~*~*~ (hiding).
 27132 | Shoals:1 | 27132 ||| INVOKING Heroism.
 27138 | Shoals:1 | Identified the +8 lajatang "Watotoi" {flame, rF+ Int+3}
                  | (Okawaru gifted it to you on level 1 of the Shoals)
 27138 | Shoals:1 | Received a gift from Okawaru
 27236 | Shoals:1 | Reached XP level 17. HP: 131/166 MP: 21/23
 27242 | Shoals:1 | 27242 ||| INVOKING Heroism.
 27401 | Shoals:1 | 27401 ||| Stepping ~*~*~tactically~*~*~ (stealth).
 27405 | Shoals:1 | 27405 ||| Stepping ~*~*~tactically~*~*~ (stealth).
 27407 | Shoals:1 | 27407 ||| Stepping ~*~*~tactically~*~*~ (hiding).
 27560 | Shoals:1 | 27560 ||| DROPPING amulet of magic regeneration.
 27602 | Shoals:2 | 27602 ||| Stepping ~*~*~tactically~*~*~ (hiding).
 27603 | Shoals:2 | 27603 ||| Stepping ~*~*~tactically~*~*~ (hiding).
 27609 | Shoals:2 | Noticed Donald
 27610 | Shoals:2 | 27610 ||| Stepping ~*~*~tactically~*~*~ (stealth).
 27614 | Shoals:2 | 27614 ||| Stepping ~*~*~tactically~*~*~ (stealth).
 27615 | Shoals:2 | 27615 ||| Stepping ~*~*~tactically~*~*~ (stealth).
 27619 | Shoals:2 | 27619 ||| Stepping ~*~*~tactically~*~*~ (stealth).
 27620 | Shoals:2 | 27620 ||| INVOKING Heroism.
 27621 | Shoals:2 | 27621 ||| INVOKING Finesse.
 27632 | Shoals:2 | Killed Donald
 27707 | Shoals:2 | 27707 ||| INVOKING Heroism.
 27800 | Shoals:2 | 27800 ||| Stepping ~*~*~tactically~*~*~ (hiding).
 27802 | Shoals:2 | 27802 ||| Stepping ~*~*~tactically~*~*~ (hiding).
 27804 | Shoals:2 | 27804 ||| Stepping ~*~*~tactically~*~*~ (hiding).
 27805 | Shoals:2 | 27805 ||| Stepping ~*~*~tactically~*~*~ (hiding).
 27808 | Shoals:2 | 27808 ||| Stepping ~*~*~tactically~*~*~ (hiding).
 27969 | Shoals:2 | Noticed Ilsuiw
 27970 | Shoals:2 | 27970 ||| Stepping ~*~*~tactically~*~*~ (outnumbered).
 27971 | Shoals:2 | 27971 ||| Stepping ~*~*~tactically~*~*~ (hiding).
 27972 | Shoals:2 | 27972 ||| INVOKING Heroism.
 27973 | Shoals:2 | 27973 ||| INVOKING Finesse.
 27977 | Shoals:2 | Killed Ilsuiw
 27978 | Shoals:2 | 27978 ||| Stepping ~*~*~tactically~*~*~ (outnumbered).
 27994 | Shoals:2 | Identified the +6 halberd "Neuzxycuo" {elec, rF+ rN+ Will-
                  | Str+6} (Okawaru gifted it to you on level 2 of the Shoals)
 27994 | Shoals:2 | Received a gift from Okawaru
 28457 | Shoals:3 | 28457 ||| INVOKING Heroism.
 28494 | Shoals:3 | Reached skill level 12 in Shields
 28620 | Shoals:3 | 28620 ||| INVOKING Heroism.
 28693 | Shoals:3 | 28693 ||| INVOKING Heroism.
 28898 | Shoals:3 | 28898 ||| FLEEEEING.
 28899 | Shoals:3 | 28899 ||| FLEEEEING.
 28903 | Shoals:3 | Received a gift from Okawaru
 28905 | Shoals:3 | 28905 ||| Stepping ~*~*~tactically~*~*~ (outnumbered).
 28906 | Shoals:3 | 28906 ||| Stepping ~*~*~tactically~*~*~ (outnumbered).
 28907 | Shoals:3 | 28907 ||| Stepping ~*~*~tactically~*~*~ (outnumbered).
 28908 | Shoals:3 | 28908 ||| Stepping ~*~*~tactically~*~*~ (outnumbered).
 28909 | Shoals:3 | 28909 ||| Stepping ~*~*~tactically~*~*~ (outnumbered).
 28938 | Shoals:3 | 28938 ||| Stepping ~*~*~tactically~*~*~ (hiding).
 28939 | Shoals:3 | 28939 ||| Stepping ~*~*~tactically~*~*~ (hiding).
 28940 | Shoals:3 | 28940 ||| Stepping ~*~*~tactically~*~*~ (hiding).
 28946 | Shoals:3 | 28946 ||| INVOKING Heroism.
 28949 | Shoals:3 | 28949 ||| Stepping ~*~*~tactically~*~*~ (hiding).
 28952 | Shoals:3 | 28952 ||| Stepping ~*~*~tactically~*~*~ (outnumbered).
 28953 | Shoals:3 | 28953 ||| Stepping ~*~*~tactically~*~*~ (hiding).
 29058 | Shoals:3 | 29058 ||| Stepping ~*~*~tactically~*~*~ (hiding).
 29169 | Shoals:3 | 29169 ||| INVOKING Heroism.
 29215 | Shoals:3 | 29215 ||| INVOKING Heroism.
 29447 | Shoals:3 | 29447 ||| PLANNING SPIDER:4
 29553 | Spider:4 | Entered Level 4 of the Spider Nest
 29583 | Spider:4 | 29583 ||| Stepping ~*~*~tactically~*~*~ (hiding).
 29658 | Spider:4 | 29658 ||| Stepping ~*~*~tactically~*~*~ (stealth).
 29692 | Spider:4 | 29692 ||| INVOKING Finesse.
 29694 | Spider:4 | 29694 ||| Stepping ~*~*~tactically~*~*~ (hiding).
 29697 | Spider:4 | 29697 ||| Stepping ~*~*~tactically~*~*~ (stealth).
 29704 | Spider:4 | 29704 ||| Stepping ~*~*~tactically~*~*~ (hiding).
 29713 | Spider:4 | 29713 ||| Stepping ~*~*~tactically~*~*~ (stealth).
 29714 | Spider:4 | 29714 ||| Stepping ~*~*~tactically~*~*~ (stealth).
 29767 | Spider:4 | 29767 ||| INVOKING Heroism.
 29768 | Spider:4 | 29768 ||| DRINKING potion of resistance.
 29769 | Spider:4 | 29769 ||| Stepping ~*~*~tactically~*~*~ (outnumbered).
 29770 | Spider:4 | 29770 ||| Stepping ~*~*~tactically~*~*~ (outnumbered).
 29771 | Spider:4 | 29771 ||| Stepping ~*~*~tactically~*~*~ (outnumbered).
 29772 | Spider:4 | 29772 ||| Stepping ~*~*~tactically~*~*~ (outnumbered).
 29773 | Spider:4 | 29773 ||| Stepping ~*~*~tactically~*~*~ (outnumbered).
 29774 | Spider:4 | 29774 ||| Stepping ~*~*~tactically~*~*~ (outnumbered).
 29775 | Spider:4 | 29775 ||| Stepping ~*~*~tactically~*~*~ (outnumbered).
 29787 | Spider:4 | 29787 ||| Stepping ~*~*~tactically~*~*~ (outnumbered).
 29788 | Spider:4 | 29788 ||| Stepping ~*~*~tactically~*~*~ (outnumbered).
 29789 | Spider:4 | 29789 ||| Stepping ~*~*~tactically~*~*~ (outnumbered).
 29938 | Spider:4 | 29938 ||| Stepping ~*~*~tactically~*~*~ (stealth).
 29939 | Spider:4 | 29939 ||| Stepping ~*~*~tactically~*~*~ (stealth).
 29945 | Spider:4 | 29945 ||| INVOKING Heroism.
 29949 | Spider:4 | Received a gift from Okawaru
 29997 | Spider:4 | 29997 ||| Stepping ~*~*~tactically~*~*~ (stealth).
 29998 | Spider:4 | 29998 ||| Stepping ~*~*~tactically~*~*~ (stealth).
 30000 | Spider:4 | 30000 ||| Stepping ~*~*~tactically~*~*~ (stealth).
 30057 | Spider:4 | 30057 ||| Stepping ~*~*~tactically~*~*~ (hiding).
 30060 | Spider:4 | 30060 ||| INVOKING Heroism.
 30068 | Spider:4 | 30068 ||| Stepping ~*~*~tactically~*~*~ (outnumbered).
 30069 | Spider:4 | 30069 ||| Stepping ~*~*~tactically~*~*~ (outnumbered).
 30101 | Spider:4 | 30101 ||| INVOKING Finesse.
 30116 | Spider:4 | HP: 38/166 [poisoned by a redback]
 30117 | Spider:4 | 30117 ||| READING 5 scrolls of teleportation.
 30118 | Spider:4 | 30118 ||| DRINKING 5 potions of heal wounds.
 30119 | Spider:4 | 30119 ||| DRINKING 4 potions of heal wounds.
 30120 | Spider:4 | 30120 ||| INVOKING Heroism.
 30121 | Spider:4 | 30121 ||| READING 4 scrolls of teleportation.
 30121 | Spider:4 | HP: 35/166 [poisoned by a redback]
 30122 | Spider:4 | 30122 ||| DRINKING 3 potions of heal wounds.
 30123 | Spider:4 | 30123 ||| DRINKING 2 potions of heal wounds.
 30124 | Spider:4 | 30124 ||| DRINKING potion of heal wounds.
 30244 | Spider:4 | 30244 ||| Invisible monster not found???
 30296 | Spider:4 | 30296 ||| INVOKING Finesse.
 30352 | Spider:4 | 30352 ||| INVOKING Heroism.
 30359 | Spider:4 | Reached skill level 3 in Dodging
 30364 | Spider:4 | Reached skill level 3 in Armour
 30405 | Spider:4 | 30405 ||| INVOKING Finesse.
 30409 | Spider:4 | 30409 ||| INVOKING Heroism.
 30650 | Spider:4 | HP: 35/167 [something (15)]
 30651 | Spider:4 | 30651 ||| READING 3 scrolls of teleportation.
 30651 | Spider:4 | HP: 14/167 [something (12)]
 30652 | Spider:4 | Mangled by a ghost moth

Levels and vault maps discovered:
D:1:      heliophobic_arrival_glass_houses, layout_basic, serial_shops, shop
D:2:      layout_loops_corners, basic_altar,
          dreamdust_ecumenical_altar_hidden_monk_grotto, minivault_19,
          uniq_natasha, uniq_terence, uniq_jessica
D:3:      layout_rooms
D:4:      layout_basic, okawaru_ov_weapons_minmay, uniq_crazy_yiuf_cottage,
          uniq_pikel
D:5:      layout_layer_cave, nicolae_yredelemnul_corpse_copse,
          nemelex_diamond_rough_becter
D:6:      layout_gridville, temple_fountains, hex_large, uniq_blork_the_orc
D:7:      layout_basic, mainiacjoe_overflow_alcove_4, old_standard_altar,
          minmay_manual_monstrance
D:8:      layout_gridville, marbit_many_paths
D:9:      layout_basic, nzn_makhleb_speed_demon, nicolae_vehumet_radiance,
          mainiacjoe_overflow_brackets, overflow_temple_1_default,
          lemuel_coloured_pillars_altar, serial_shops, nicolae_diamond_shop,
          serial_corexii_hall, chequers_hall_statues_wall_a,
          corexii_hall_statues_t, chequers_hall_statues_wall_a
D:10:     kennysheep_steamy, layout_irregular_city, led_sif_book,
          general_overflow_altar, serial_shops, kennysheep_little_box, shop,
          shop, shop, nicolae_shop_trees, minmay_parallelograms,
          minmay_strange_pillars
D:11:     layout_cave_pods, uniq_gastronok, uniq_grum, uniq_erolcha
D:12:     minmay_four_partial_circles, layout_irregular_city, orc_0_dummy,
          portal_ice_cave_rime
D:13:     layout_long_grid, david_vaults_5, kennysheep_island_fort
D:14:     layout_loops_ring, serial_shops, nicolae_square_shop,
          dk_noncrumbling_3, drop_trap, uniq_lodul
D:15:     gammafunk_enter_depths_forms, layout_basic, trog_three_pillars_becter,
          uniq_rupert
Lair:1:   layout_small_grid, chequers_serial_rivers_micro_c,
          nicolae_quartered_pool_medium, nzn_random_ring
Lair:2:   layout_cave_pods, serial_rivers, chequers_serial_rivers_micro_a,
          chequers_serial_rivers_room_a, chequers_serial_rivers_micro_a,
          chequers_serial_rivers_small_a, chequers_serial_rivers_room_b,
          nicolae_lair_grazing_beasts [nicolae_sub_lair_graze_edge,
          nicolae_sub_lair_graze_edge, nicolae_sub_lair_graze_edge,
          nicolae_sub_lair_graze_edge], serial_bayou_shore_b,
          infiniplex_staircase_pool_2, grunt_megastairs_3, uniq_amaemon,
          uniq_prince_ribbit2, uniq_nergalle
Lair:3:   gammafunk_indiana_jones, layout_gridlike,
          minmay_shoals_entry_centaurs, nicolae_spider_entry_non_spiders,
          gammafunk_ghost_necromancy, basic_altar, lemuel_fruit_fields
Lair:4:   layout_layer_cave, minmay_slime_entry_oklob_enclosed, st_stairs_7,
          grunt_megastairs_5, serial_bayou_shore_b, serial_bayou_shore_b
Lair:5:   hellmonk_lair_end_abyssal_woods, layout_big_grid,
          gauntlet_entry_generic, pond
Shoals:1: layout_shoals
Shoals:2: layout_shoals, uniq_donald, uniq_ilsuiw
Shoals:3: layout_shoals
Spider:1: layout_cave_pods, hangedman_spider_tarantella_strand
Spider:2: layout_spider_delve, ebering_ghost_inner_flame
Spider:3: layout_chambers
Spider:4: spider_rune_water
Orc:1:    layout_caves, uniq_erica
Orc:2:    st_orc_congregation, layout_caves, basic_altar, mines2_lemuel,
          uniq_nessos

Skill      XL: |  1  2  3  4  5  6  7  8  9 10 11 12 13 14 15 16 17 |
---------------+----------------------------------------------------+-----
Unarmed Combat | 4 5 7 9 11 13 15 17 18 19 20 21 22 | 22.0
Fighting       | 3 4 5 6 7 8 9 10 | 10.3
Dodging        | 1 2 3 |  3.1
Throwing       | 1 2 5 7 9 10 | 10.0
Armour         | 2 3 |  3.0
Invocations    | 3 6 10 | 10.0
Shields        | 10 14 | 14.0
Spellcasting   | |  1.0
Fire Magic     | |  2.1

Action                   |  1- 3 |  4- 6 |  7- 9 | 10-12 | 13-15 | 16-18 || total
-------------------------+-------+-------+-------+-------+-------+-------++-------
Melee: Unarmed           |    48 |    85 |   234 |   349 |   787 |   837 ||  2340
       Punch             |     1 |     3 |     9 |    25 |    85 |     9 ||   132
       Kick              |       |       |     3 |   100 |   220 |   217 ||   540
Throw: Boomerang         |     5 |    44 |     6 |    86 |    57 |       ||   198
       Javelin           |       |       |       |       |    75 |       ||    75
       Large rock        |       |       |       |       |    53 |   144 ||   197
Invok: Fiery Armour      |     1 |     1 |     2 |     9 |       |       ||    13
       Heroism           |       |       |       |     3 |    39 |    36 ||    78
       Finesse           |       |       |       |       |    13 |    10 ||    23
  Use: Scroll            |     3 |     2 |    10 |     9 |     7 |     6 ||    37
       Potion            |       |     2 |     4 |     6 |     3 |    13 ||    28
Armor: Robe              |     9 |    31 |    62 |     3 |       |       ||   105
       Troll leather arm |       |       |       |   105 |   344 |   351 ||   800
Dodge: Dodged            |    14 |    31 |   109 |   138 |   239 |   267 ||   798
Block: Other             |       |       |       |    18 |   123 |    21 ||   162
       Reflection        |       |       |       |       |     8 |     3 ||    11
       Kite shield       |       |       |       |       |       |   322 ||   322

Table legend:
 A = Non-vault XP
 B = Vault XP
 C = Vault XP percentage of total XP
 D = Non-vault monster count
 E = Vault monster count
 F = Vault count percentage of total count
                 A         B        C        D         E       F
            +---------+---------+-------+---------+---------+-------
      Total |  195174 |   86913 |  30.8 |     731 |     297 |  28.9
            +---------+---------+-------+---------+---------+-------
        D:1 |      16 |       0 |   0.0 |      10 |       0 |   0.0
        D:2 |     162 |     108 |  40.0 |      22 |       3 |  12.0
        D:3 |     303 |       0 |   0.0 |      29 |       0 |   0.0
        D:4 |     314 |     641 |  67.1 |      18 |       1 |   5.3
        D:5 |     624 |     156 |  20.0 |      16 |       5 |  23.8
        D:6 |     360 |     100 |  21.7 |      12 |       1 |   7.7
        D:7 |    1099 |     213 |  16.2 |      15 |       3 |  16.7
        D:8 |     901 |      92 |   9.3 |      25 |       1 |   3.8
        D:9 |    1157 |       0 |   0.0 |      20 |       0 |   0.0
       D:10 |    3074 |     355 |  10.4 |      16 |       2 |  11.1
       D:11 |    4305 |    2833 |  39.7 |      13 |       6 |  31.6
       D:12 |    7090 |    6815 |  49.0 |      32 |      20 |  38.5
       D:13 |    8592 |    3244 |  27.4 |      15 |       8 |  34.8
       D:14 |   10793 |    1451 |  11.9 |      21 |       7 |  25.0
       D:15 |   10824 |    6844 |  38.7 |      18 |      13 |  41.9
     Lair:1 |   10766 |    3280 |  23.4 |      31 |      10 |  24.4
     Lair:2 |     473 |    5693 |  92.3 |       2 |      20 |  90.9
     Lair:3 |    3809 |    1007 |  20.9 |      14 |      11 |  44.0
     Lair:4 |    7453 |    5684 |  43.3 |      23 |       8 |  25.8
     Lair:5 |   10769 |   14125 |  56.7 |      32 |      45 |  58.4
   Shoals:1 |    7786 |       0 |   0.0 |      17 |       0 |   0.0
   Shoals:2 |    8260 |    4891 |  37.2 |      18 |       6 |  25.0
   Shoals:3 |   18671 |       0 |   0.0 |      38 |       0 |   0.0
   Spider:1 |   17912 |     289 |   1.6 |      48 |       1 |   2.0
   Spider:2 |   12960 |       0 |   0.0 |      37 |       0 |   0.0
   Spider:3 |   15493 |       0 |   0.0 |      39 |       0 |   0.0
   Spider:4 |   21450 |   10404 |  32.7 |      49 |      26 |  34.7
      Orc:1 |    5724 |     826 |  12.6 |      48 |       1 |   2.0
      Orc:2 |    4034 |   12997 |  76.3 |      53 |      80 |  60.2
   Gauntlet |       0 |    4865 | 100.0 |       0 |      19 | 100.0
            +---------+---------+-------+---------+---------+-------
